 Dungeon Crawl Stone Soup version 0.30-a0-936-ge0d47acfc0 (webtiles) character file.

Game seed: 192336501465507392

14747461 RepoMan the Rockslime (level 27, 199/199 HPs)
             Began as a Gargoyle Conjurer on Mar 21, 2023.
             Was the Champion of Jiyva.
             Escaped with the Orb
             ... and 15 runes on Mar 24, 2023!
             The game lasted 13:28:54 (106732 turns).

RepoMan the Rockslime (Gargoyle Conjurer)         Turns: 106732, Time: 13:28:54

Health: 199/199    AC: 31    Str: 19    XL:     27
Magic:  54/54      EV: 23    Int: 41    God:    Jiyva [******]
Gold:   4026       SH: 22    Dex: 13    Spells: 0/80 levels left

rFire   + + +      SeeInvis +    e - staff of earth
rCold   + + +      Faith    .    I - +5 kite shield {reflect}
rNeg    + + .      Spirit   .    W - +1 robe of Vines {NoPotionHeal Regen++++}
rPois   ∞          Reflect  +    u - +0 helmet of Midnight {Int+4}
rElec   +          Rampage  .    S - scarf {rC+ rF+}
rCorr   +                        Y - +3 pair of gloves of Uskayaw's Grace {rN+ Int+3}
Will    +++..                    J - +0 pair of boots {Stlth+}
Stlth   +                        f - amulet of Cel Bogri {RegenMP rC+ Str+4 SInv Stlth-}
HPRegen 5.33/turn                K - ring "Ralynoibi" {rF+ Will+ EV+5 Slay+2}
MPRegen 1.24/turn                j - ring of Xoxkoedu {rC+ rCorr Int+4 Stlth-}

@: mighty, flying, studying 4 skills
A: sickness immunity, AC +20, big wings, negative energy resistance 1,
electricity resistance, torment resistance 1, petrification resistance, hooves
1, thin skeletal structure 2, cold resistance 3, fire resistance 1, mutation
resistance 1, strong 1, tendrils
0: Orb of Zot
}: 15/15 runes: barnacled, slimy, silver, golden, iron, obsidian, icy, bone,
abyssal, demonic, glowing, magical, fiery, dark, gossamer
a: Renounce Religion, Oozemancy, Slimify


You escaped.
You worshipped Jiyva.
Jiyva was exalted by your worship.
You visited 18 branches of the dungeon, and saw 88 of its levels.
You visited Pandemonium 2 times, and saw 12 of its levels.
You visited the Abyss 2 times.
You visited 1 ziggurat, and saw 16 of its levels.
You also visited: Ossuary and Wizlab.

You collected 10965 gold pieces.
You spent 6939 gold pieces at shops.

Inventory:

Hand Weapons
 h - a +9 sacred scourge of holy wrath
Missiles
 A - 4 curare-tipped darts
 D - 4 throwing nets
Armour
 g - the orb of Dispater {+Damnation *Corrode AC+5}
   (You took it off Dispater on level 7 of the Iron City of Dis)

   +Damnation: It grants the ability to hurl damnation at the cost of health and
   magic, with strength depending on Evocations skill.
   AC:        It affects your AC (+5).
   *Corrode:  It may corrode you when you take damage.
 u - the +0 helmet of Midnight (worn) {Int+4}
   (You found it in a wizard's laboratory)

   Int:       It affects your intelligence (+4).
 F - +10 pearl dragon scales
 I - a +5 kite shield of reflection (worn)
 J - a +0 pair of boots of stealth (worn)
 S - a scarf of resistance (worn)
 W - the +1 robe of Vines (worn) {NoPotionHeal Regen++++}
   (You took it off an ironbound preserver on level 5 of the Vaults)

   NoPotionHeal: Its wearer cannot be healed by potions.
   Regen:     It increases your rate of health regeneration.
 Y - the +3 pair of gloves of Uskayaw's Grace (worn) {rN+ Int+3}
   (You bought it in a shop on level 2 of the Orcish Mines)

   Int:       It affects your intelligence (+3).
   rN:        It protects you from negative energy.
 Z - a +2 tower shield
Magical Staves
 e - a staff of earth (weapon)
 i - the staff of conjuration "Cowy Tala" {rC+ Will+}
   (You found it on level 5 of the Pits of Slime)

   [staff of conjuration]

   Base accuracy: +5 Base damage: 5 Base attack delay: 1.2 This weapon's minimum
   attack delay (0.6) is reached at skill level 12.
   rC:        It protects you from cold.
   Will:      It increases your willpower.
   It falls into the 'Staves' category.
   It is a one-handed weapon.
 q - the staff of death "Lenoizeaqi" {rF+ rN+ rCorr}
   (You found it on level 6 of a ziggurat)

   [staff of death]

   Base accuracy: +5 Base damage: 5 Base attack delay: 1.2 This weapon's minimum
   attack delay (0.6) is reached at skill level 12.
   rF:        It protects you from fire.
   rN:        It protects you from negative energy.
   rCorr:     It protects you from acid and corrosion.
   It falls into the 'Staves' category.
   It is a one-handed weapon.
Jewellery
 f - the amulet of Cel Bogri (around neck) {RegenMP rC+ Str+4 SInv Stlth-}
   (You bought it in a shop on level 3 of the Elven Halls)

   [amulet of magic regeneration]

   It increases your rate of magic regeneration.
   Str:       It affects your strength (+4).
   rC:        It protects you from cold.
   SInv:      It lets you see invisible.
   Stlth:     It makes you less stealthy.
 j - the ring of Xoxkoedu (right hand) {rC+ rCorr Int+4 Stlth-}
   (You found it on level 14 of a ziggurat)

   [ring of protection from cold]

   Int:       It affects your intelligence (+4).
   rC:        It protects you from cold.
   rCorr:     It protects you from acid and corrosion.
   Stlth:     It makes you less stealthy.
 G - a ring of willpower
 K - the ring "Ralynoibi" (left hand) {rF+ Will+ EV+5 Slay+2}
   (You found it on level 14 of a ziggurat)

   [ring of evasion]

   EV:        It affects your evasion (+5).
   Slay:      It affects your accuracy & damage with ranged weapons and melee
   (+2).
   rF:        It protects you from fire.
   Will:      It increases your willpower.
 T - a ring of protection from fire
Wands
 r - a wand of digging (17)
 t - a wand of flame (64)
 x - a wand of mindburst (1)
 z - a wand of iceblast (18)
 M - a wand of quicksilver (37)
Scrolls
 b - a scroll of brand weapon
 l - 12 scrolls of vulnerability
 p - 11 scrolls of fog
 w - 2 scrolls of silence
 y - 23 scrolls of teleportation
 C - 4 scrolls of amnesia
 E - 7 scrolls of immolation
 O - 7 scrolls of fear
 U - 6 scrolls of magic mapping
 V - 3 scrolls of poison
Potions
 a - 7 potions of resistance
 k - a potion of cancellation
 n - 9 potions of mutation
 o - 14 potions of ambrosia
 s - 12 potions of heal wounds
 B - 10 potions of might
 L - 22 potions of curing
 Q - 3 potions of invisibility
 R - 9 potions of lignification
Miscellaneous
 c - a condenser vane
 d - a tin of tremorstones (2/2)
 m - a phantom mirror
 N - a phial of floods
 P - a lightning rod (4/4)
 X - a figurine of a ziggurat


   Skills:
 O Level 27 Fighting
 - Level 4.3(7.7) Maces & Flails
 - Level 9.9(10.3) Staves
 - Level 1.1 Throwing
 - Level 7.7 Armour
 - Level 13.3 Dodging
 - Level 3.3 Stealth
 - Level 25.5 Shields
 O Level 27 Spellcasting
 - Level 13.3 Conjurations
 - Level 3.3 Hexes
 + Level 23.3 Necromancy
 - Level 3.3 Translocations
 - Level 9.9 Transmutations
 * Level 26.6 Earth Magic
 O Level 27 Invocations


You couldn't memorise any spells.
You knew the following spells:

 Your Spells              Type           Power      Damage    Failure   Level
a - Stone Arrow           Conj/Erth      100%       3d13      0%          3
b - Blink                 Tloc           100%       N/A       1%          2
d - Lee's Rapid Deconstr  Erth           80%        3d36*     0%          5
g - Apportation           Tloc           100%       N/A       1%          1
h - Haunt                 Necr/Summ      50%        N/A       2%          7
i - Infestation           Necr           64%        N/A       1%          8
m - Iskenderun's Mystic   Conj/Tloc      89%        2d17      1%          4
n - Necromutation         Tmut/Necr      56%        N/A       2%          8
p - Passwall              Tmut/Erth      100%       N/A       0%          2
s - Iron Shot             Conj/Erth      73%        9d13      0%          6
u - Dispel Undead         Necr           100%       3d31      0%          4
v - Vhi's Electric Charg  Tloc/Air       100%       N/A       1%          3
x - Borgnjor's Vile Clut  Necr/Erth      78%        N/A       0%          5
K - Shatter               Erth           80%        3d58*     1%          9
R - Borgnjor's Revivific  Necr           64%        N/A       1%          8
X - Irradiate             Conj/Tmut      50%        3d28      1%          5

Your spell library contained the following spells:

 Spells                   Type           Power      Damage    Failure   Level
 Beastly Appendage        Tmut           100%       N/A       0%          1
 Kiss of Death            Conj/Necr      100%       2d13      0%          1
 Magic Dart               Conj           100%       1d8       0%          1
 Necrotise                Necr           100%       1d9       0%          1
 Sandblast                Erth           100%       2d20      0%          1
 Momentum Strike          Conj/Tloc      100%       3d10      0%          2
 Searing Ray              Conj           100%       2d8       0%          2
 Wereblood                Tmut           94%        N/A       0%          2
 Vampiric Draining        Necr           100%       2d13      0%          3
 Anguish                  Hex/Necr       52%        N/A       0%          4
 Animate Armour           Summ/Erth      100%       N/A       0%          4
 Animate Dead             Necr           100%       N/A       0%          4
 Leda's Liquefaction      Hex/Erth       66%        N/A       0%          4
 Petrify                  Tmut/Erth      100%       N/A       0%          4
 Death Channel            Necr           64%        N/A       0%          6
 Foxfire                  Conj/Fire      100%       2x1d9     1%          1
 Freeze                   Ice            100%       1d10      1%          1
 Shock                    Conj/Air       100%       1d9       1%          1
 Slow                     Hex            100%       N/A       1%          1
 Sting                    Tmut/Pois      100%       1d8       1%          1
 Summon Small Mammal      Summ           100%       N/A       1%          1
 Ensorcelled Hibernation  Hex/Ice        100%       N/A       1%          2
 Lesser Beckoning         Tloc           100%       N/A       1%          2
 Poisonous Vapours        Pois/Air       100%       N/A       1%          2
 Scorch                   Fire           100%       2d10      1%          2
 Static Discharge         Conj/Air       100%       2-7/arc   1%          2
 Call Canine Familiar     Summ           53%        N/A       1%          3
 Confusing Touch          Hex            70%        N/A       1%          3
 Dazzling Flash           Conj/Hex       100%       N/A       1%          3
 Frozen Ramparts          Ice            100%       1d16      1%          3
 Gell's Gravitas          Tloc           70%        N/A       1%          3
 Hailstorm                Conj/Ice       83%        3d17      1%          3
 Ignite Poison            Fire/Tmut/Pois 70%        N/A       1%          3
 Inner Flame              Hex/Fire       62%        N/A       1%          3
 Kindle Blastsparks       Fire/Tloc/Air  100%       2d18      1%          3
 Ozocubu's Armour         Ice            53%        N/A       1%          3
 Portal Projectile        Hex/Tloc       100%       N/A       1%          3
 Spider Form              Tmut/Pois      77%        N/A       1%          3
 Summon Guardian Golem    Hex/Summ       62%        N/A       1%          3
 Swiftness                Air            53%        N/A       1%          3
 Teleport Other           Tloc           70%        N/A       1%          3
 Tukima's Dance           Hex            70%        N/A       1%          3
 Cause Fear               Hex            35%        N/A       1%          4
 Flame Wave               Conj/Fire      83%        2d18      1%          4
 Fulminant Prism          Conj/Hex       44%        3d19      1%          4
 Ice Form                 Ice/Tmut       77%        N/A       1%          4
 Passage of Golubria      Tloc           70%        N/A       1%          4
 Sticky Flame             Conj/Fire      83%        2d9       1%          4
 Alistair's Intoxication  Tmut/Pois      51%        N/A       1%          5
 Arcjolt                  Conj/Air       41%        1d51      1%          5
 Blade Hands              Tmut           47%        N/A       1%          5
 Fireball                 Conj/Fire      41%        3d17      1%          5
 Freezing Cloud           Conj/Ice/Air   37%        6-21      1%          5
 Iskenderun's Battlesphe  Conj           100%       2d15      1%          5
 Yara's Violent Unravell  Hex/Tmut       41%        3d16      1%          5
 Simulacrum               Ice/Necr       50%        N/A       1%          6
 Orb of Destruction       Conj           52%        9d13      1%          7
 Lehudib's Crystal Spear  Conj/Erth      73%        10d16     1%          8
 Death's Door             Necr           64%        N/A       2%          9
 Airstrike                Air            26%        2d(4-20)  3%          4
 Olgreb's Toxic Radiance  Pois           53%        N/A       3%          4
 Summon Ice Beast         Ice/Summ       53%        N/A       3%          4
 Summon Lightning Spire   Summ/Air       53%        N/A       3%          4
 Conjure Ball Lightning   Conj/Air       41%        3x3d13    3%          6
 Starburst                Conj/Fire      41%        6d12      3%          6
 Metabolic Englaciation   Hex/Ice        31%        N/A       4%          5
 Silence                  Hex/Air        31%        N/A       4%          5
 Summon Forest            Summ/Tloc      31%        N/A       4%          5
 Summon Mana Viper        Hex/Summ       62%        N/A       4%          5
 Dragon Form              Tmut           47%        N/A       4%          7
 Eringya's Noxious Bog    Tmut/Pois      38%        N/A       6%          6
 Plasma Beam              Fire/Air       26%        2x1d42    9%          5
 Dispersal                Tloc           35%        N/A       12%         6
 Spellforged Servitor     Conj/Summ      41%        N/A       17%         7
 Storm Form               Tmut/Air       38%        N/A       34%         7
 Summon Cactus Giant      Summ           26%        N/A       43%         6
 Enfeeble                 Hex            35%        N/A       56%         7
 Malign Gateway           Summ/Tloc      31%        N/A       80%         7
 Monstrous Menagerie      Summ           26%        N/A       95%         7
 Discord                  Hex            35%        N/A       99%         8
 Disjunction              Tloc           35%        N/A       99%         8
 Maxwell's Capacitive Co  Air            26%        ∞         100%        8
 Summon Horrible Things   Summ           26%        N/A       100%        8
 Chain Lightning          Conj/Air       41%        3d55      100%        9
 Dragon's Call            Summ           26%        N/A       100%        9
 Fire Storm               Conj/Fire      41%        8d11      100%        9
 Polar Vortex             Ice            26%        N/A       100%        9
 Cigotuvi's Dreadful Rot  Necr/Pois/Air  Unusable   N/A       N/A         2
 Statue Form              Tmut/Erth      Unusable   N/A       N/A         6

Dungeon Overview and Level Annotations

Branches:
Dungeon (15/15)            Temple (1/1) D:5            Lair (5/5) D:8
 Shoals (4/4) Lair:2       Spider (4/4) Lair:2        Slime (5/5) Lair:5
    Orc (2/2) D:12            Elf (3/3) Orc:2        Vaults (5/5) D:14
  Crypt (3/3) Vaults:3       Tomb (3/3) Crypt:3      Depths (4/4) D:15
   Hell (visited)             Dis (7/7) Hell            Geh (7/7) Hell
    Coc (7/7) Hell            Tar (7/7) Hell            Zot (5/5) Depths:4
Ossuary (visited)          WizLab (visited)

Altars:
Ashenzari
Cheibriados
Dithmenos
Elyvilon
Fedhas
Gozag
Hepliaklqana
Kikubaaqudgha
Makhleb
Nemelex Xobeh
Okawaru
Qazlal
Ru
Sif Muna
Trog
Uskayaw
Vehumet
Wu Jian
Xom
Yredelemnul
Zin
The Shining One
Jiyva

Shops:
D:6 =   D:9 *   D:13 (   D:15 [=[=:?   Orc:2 ([(:   Elf:1 *   Elf:3 =
Shoals:1 [   Shoals:3 =   Vaults:3 *   Vaults:5 ?   Depths:3 *

Portals:
Hell: Depths:1 Depths:2 Depths:3 Depths:4
Abyss: Depths:3
Pandemonium: Depths:2

Annotations:
Slime:2 Dissolution
Slime:5 Royal Jelly
Orc:2 3 runed translucent doors, voshxx's ghost, journeyman GrEE
Depths:2 3 runed translucent doors


Innate Abilities, Weirdness & Mutations

You are immune to sickness and miasma.
Your stone body is resilient. (AC +20)
You are immune to poison.
Your large and strong wings let you fly.
You resist negative energy. (rN+)
You are resistant to electric shocks. (rElec)
You are resistant to unholy torment.
You are immune to petrification.
You have large cloven feet.
You have a moderately thin skeletal structure. (Dex +4, Stealth++)
Your flesh is almost immune to the effects of cold. (rC+++)
Your flesh is heat resistant. (rF+)
You are somewhat resistant to further mutation.
Your muscles are strong. (Str +4, Int/Dex -1)
You are covered in slimy tendrils that may disarm your opponents.


Message History

There is a stone staircase leading down here.
There is a stone staircase leading up here.
You fly upwards.
There is a stone staircase leading down here.
There is a stone staircase leading up here.
You fly upwards.
There is a stone staircase leading down here.
Bisef comes into view. It is armed with an electric touch.
Press: ? - help, v - describe, . - travel
Here: Bisef, armed with an electric touch (surrounded by thunder)
The floor.
Casting: Iron Shot (safe; 0% risk of failure)
Confirm with . or Enter, or press ? or * to list all spells.
Aiming: Borgnjor's Vile Clutch (safe; 0% risk of failure)
Press: ? - help, Shift-Dir - straight line, f - Bisef
Aim: Bisef, armed with an electric touch (surrounded by thunder, 100% to hit)
You feel a surge of power!
Zombie hands grab Bisef.
The zombie hands constrict Bisef!
Bisef struggles to escape constriction. x2
A lorocyproca comes into view.
The zombie hands constrict Bisef!
Bisef struggles to escape constriction.
The lorocyproca is struck by lightning.
The zombie hands constrict Bisef!
Bisef escapes!
The lorocyproca is struck by lightning.
An ice devil comes into view.
There is a stone staircase leading up here.
Magic restored.
You block Bisef's attack.
You fly upwards.
There is a stone staircase leading down here.
Really fly into that teleport trap?
You enter a teleport trap!
The teleport trap disappears.
Your surroundings suddenly seem different.
You see here a +0 short sword.
You see here a +0 spear.
There is a stone staircase leading up here.
You fly upwards.
There is a stone staircase leading down here.
There is a staircase leading out of the dungeon here.
You feel very mighty all of a sudden.
You have escaped!

..........#.#.....#........## #.#
.........##.#.............#####.#
..#........#####.#######........#
#...#.##.###~~~♣~♣~~~~##........#
..#...##..##~.P......~##>.......#
##..#####.##~PPP.....~##........#
##.##.###.##~.P......~##...###.##
#..#.......#♣.......♣♣##.### #.#
......###.......@........# #.#
..###.# #..#♣.......♣♣#.## #.#
.## #.# ##.#~.P...♣..~#.# ##.##
## #.# #.#~PPP.♣♣♣.~### #..## #
#.# ###~.P...♣..~# ##.### #.#
####~~~♣.♣~~~~# #.....
#.###..#####.###### #.#.##
#.##..###.##.# ##.#.##
#####.#..## #.##.##########....##


There were no monsters in sight!

Vanquished Creatures
  Cerebov (Pan)
  Asmodeus (Geh:7)
  Ereshkigal (Tar:7)
  Lom Lobon (Pan)
  Gloorx Vloq (Pan)
  the Serpent of Hell (Tar:7)
  16 dread liches
  Dispater (Dis:7)
  5 orbs of fire
  5 ancient liches
  Mennas (Tomb:1)
  The ghost of Kiciri the Sorcerer, a legendary DjCj of Makhleb (Zot:4)
  A juggernaut (Zot:5)
  28 royal mummies
  Parghit (Zot:1)
  4 Killer Klowns
  9 shard shrikes (Coc:7)
  16 caustic shrikes
  4 curse toes
  Geryon (Hell)
  Nikola (Shoals:2)
  11 golden dragons
  7 profane servitors
  9 pandemonium lords
  17 bone dragons
  Jory (Crypt:3)
  14 Tzitzimimeh
  6 iron giants
  12 Brimstone Fiends
  7 doom hounds
  2 electric golems
  A shard shrike zombie (Coc:4)
  8 hellephants
  Jorgrun (Spider:1)
  Rupert (Orc:2)
  21 Ice Fiends
  13 tainted leviathans
  15 Orb Guardians (Zot:5)
  22 tentacled monstrosities
  11 liches
  Asterion (Elf:3)
  15 titans
  A spectral shard shrike (Coc:4)
  4 deep elf blademasters
  20 Hell Sentinels
  Mlioglotl (Lair:2)
  3 shard shrike skeletons
  9 quicksilver dragons
  A walking divine tome (Depths:2)
  18 searing wretches
  6 death cobs
  3 deep elf master archers
  5 acid blobs
  7 tentacled starspawn
  Polyphemus (Shoals:4)
  Agnes (D:15)
  2 krakens
  17 ancient champions
  17 Executioners
  14 sphinxes
  9 storm dragons
  10 tengu reavers
  2 nagarajas (Zig:16)
  6 shadow dragons
  7 demonspawn warmongers
  4 rockslimes
  5 draconian knights
  Ilsuiw (Shoals:2)
  9 frost giants
  9 narguns
  4 draconian monks
  8 azure jellies
  4 emperor scorpions
  7 iron dragons
  13 deep elf sorcerers
  22 fire giants
  Aizul (Vaults:2)
  Louise (Shoals:1)
  14 quicksilver elementals
  12 ghost moths
  A frost giant (shapeshifter) (Zig:2)
  2 angels
  A juggernaut zombie (Crypt:1)
  15 vault wardens
  44 balrugs
  4 draconian scorchers
  3 spectral caustic shrikes
  8 shard shrike simulacra
  15 cacodemons
  3 caustic shrike zombies
  3 curse skulls
  11 draconian shifters
  3 quicksilver oozes
  22 ironbound preservers
  7 draconian annihilators
  2 deep elf elementalists (Elf:3)
  5 ghouls
  3 orc warlords
  14 stone giants
  7 demonspawn corrupters (Pan)
  4 broodmothers
  3 draconian stormcallers
  A spriggan defender (Depths:2)
  6 demonspawn blood saints
  Nessos (Orc:2)
  26 war gargoyles
  An ophan (Abyss:1)
  15 reapers
  38 very ugly things
  An eleionoma (shapeshifter) (Zig:10)
  11 green draconians
  18 ironbound thunderhulks
  20 vampire knights
  2 demonspawn black suns (Pan)
  9 black draconians
  9 putrid mouths
  Azrael (Orc:2)
  2 bennus (Tomb:1)
  18 elemental wellsprings
  13 purple draconians
  12 white draconians
  9 lorocyprocas
  8 deep elf demonologists (Elf:3)
  6 spark wasps
  17 wendigos
  12 dire elephants
  5 yellow draconians
  15 red draconians
  3 minotaurs (Shoals:4)
  10 deep elf annihilators
  Snorg (Orc:2)
  9 green deaths (Pan)
  15 iron golems
  10 blizzard demons
  10 eidola
  6 deep elf death magi
  2 merfolk javelineers
  10 ettins
  A spark wasp (shapeshifter) (Zig:10)
  A spectral quicksilver dragon (Tar:4)
  9 deep elf high priests
  3 crystal guardians
  26 mummy priests
  3 spectral spriggans
  A spectral golden dragon (Coc:4)
  6 fire dragons
  Josephine (D:10)
  3 great orbs of eyes
  6 merfolk impalers
  4 jiangshi
  4 entropy weavers
  32 vault guards
  13 yaktaur captains
  8 ice dragons
  4 rakshasas
  A spriggan zombie (Tar:7)
  3 hydras
  5 ogre magi
  3 catoblepae
  5 hell beasts
  8 juggernaut simulacra
  8 salamander tyrants
  5 spriggan air magi
  8 ironbound frosthearts
  5 jorogumos
  5 radroaches
  5 merfolk avatars
  8 peacekeepers
  An alligator snapping turtle (Shoals:4)
  11 centaur warriors
  6 death knights
  10 two-headed ogres
  7 boulder beetles
  52 dancing weapons
  6 merfolk aquamancers
  4 spriggan skeletons
  22 death scarabs
  11 stokers
  13 caustic shrike simulacra
  12 satyrs
  A spectral draconian (Zot:4)
  4 deep troll earth magi
  5 deep troll shamans
  A fenstrider witch skeleton (Crypt:2)
  Urug (Orc:1)
  2 tengu warriors (D:14)
  11 vampire magi
  2 orc high priests
  29 hell hogs
  2 spriggan berserkers (Depths:2)
  2 death yaks (Shoals:4)
  A titan zombie (Crypt:2)
  22 deep elf knights
  18 hell knights
  4 thrashing horrors
  27 soul eaters
  A titan skeleton (Zig:14)
  8 crystal echidnas
  42 sun demons
  5 wretched stars
  7 skysharks
  A fire crab (shapeshifter) (Vaults:5)
  9 sixfirhies
  2 spectral ghost moths (Zot:4)
  27 shadow wraiths
  64 skeletal warriors
  5 iron trolls
  3 bunyip zombies
  9 pharaoh ants
  A spectral bunyip (Tar:2)
  An iron giant zombie (Tar:7)
  17 orb spiders
  55 deep trolls
  3 flayed ghosts
  10 shadow demons
  32 large abominations
  5 quicksilver dragon simulacra
  4 obsidian statues
  A spectral hydra (Tar:2)
  12 sea snakes
  4 spriggan simulacra
  A shadow dragon zombie (Crypt:1)
  A bog body (Crypt:1)
  A golden dragon skeleton (Zig:14)
  16 orc knights
  An orb spider (shapeshifter) (Elf:1)
  21 phantasmal warriors
  11 wizards
  A steelbarb worm (shapeshifter) (Vaults:5)
  5 steelbarb worms
  12 necromancers
  13 deep elf archers
  21 ironbound convokers
  17 lindwurms
  25 deep elf pyromancers
  28 harpies
  2 shining eyes
  A wolf spider (shapeshifter) (Zig:10)
  14 orc sorcerers
  36 deep elf zephyrmancers
  A mana viper (shapeshifter) (Vaults:5)
  24 wolf spiders
  16 manticores
  17 fauns
  3 stone giant zombies
  7 cyclopes
  A spectral ettin (Tar:1)
  A frost giant zombie (Zig:9)
  46 ugly things
  11 elephants
  2 toenail golems
  30 moths of wrath
  12 rust devils
  7 merfolk sirens
  12 apocalypse crabs
  A worldbinder (Abyss:1)
  A naga zombie (Crypt:3)
  2 eyes of devastation
  4 salamanders (WizLab)
  Maurice (D:9)
  14 orange demons
  13 demonic crawlers
  15 vault sentinels
  An ice statue (Zig:16)
  53 smoke demons
  3 black mambas
  3 naga magi (Zig:16)
  4 water nymphs
  3 molten gargoyles
  10 torpor snails
  3 titan simulacra
  13 cane toads
  An alligator snapping turtle zombie (Tomb:3)
  8 gargoyles
  A dire elephant skeleton (Tar:7)
  2 centaur skeletons
  A death yak zombie (Crypt:1)
  2 storm dragon simulacra
  4 rime drakes
  A green draconian zombie (Crypt:3)
  An alligator snapping turtle skeleton (Crypt:2)
  2 unseen horrors
  21 hellions
  13 komodo dragons
  33 yaktaurs
  13 freezing wraiths
  A rime drake (shapeshifter) (Zig:15)
  2 efreet
  A naga skeleton (Crypt:2)
  33 tormentors
  3 tengu conjurers
  3 iron giant simulacra
  A minotaur skeleton (Crypt:3)
  3 bunyip simulacra
  A golden dragon simulacrum (Zot:4)
  A redback zombie (Crypt:3)
  3 spectral harpies
  15 trolls
  A wind drake (shapeshifter) (D:15)
  7 anaconda simulacra
  A black draconian skeleton (Crypt:1)
  3 ice devils
  A mana viper zombie (Crypt:3)
  4 ancient zymes
  6 harpy zombies
  41 guardian mummies
  4 red devils
  2 hydra zombies (Coc:4)
  6 polar bears
  5 spectral moths of wrath (Zot:4)
  9 meliai
  3 wind drakes
  2 hornets (shapeshifter)
  29 merfolk
  19 hellwings
  41 tarantellas
  An alligator zombie (Crypt:2)
  4 hornets
  A harpy skeleton (Tar:7)
  9 blink frogs
  4 saltlings
  A culicivora zombie (Crypt:2)
  A radroach zombie (Crypt:1)
  5 raiju
  2 iron dragon simulacra (Coc:3)
  A satyr zombie (Crypt:2)
  3 dream sheep (Shoals:1)
  3 stone giant simulacra
  76 slime creatures
  3 ettin zombies
  10 snapping turtles
  Sigmund (D:4)
  3 air elementals
  26 culicivoras
  18 shadows
  38 jumping spiders
  2 ice dragon skeletons
  A satyr skeleton (Crypt:1)
  25 ushabtiu
  8 dire elephant simulacra
  3 spriggans
  9 starcursed masses
  19 wraiths
  22 ynoxinuls
  13 flying skulls
  8 wyverns
  50 yaks
  3 fire bats (Abyss:3)
  7 humans (D:14)
  2 steam dragons (Lair:5)
  3 basilisks (Shoals:1)
  17 chaos spawn
  A yellow draconian simulacrum (Zot:4)
  17 water elementals
  Eustachio (D:5)
  2 alligator snapping turtle simulacra (Coc:2)
  7 fire elementals
  15 neqoxecs
  A golden eye (Slime:5)
  A yaktaur simulacrum (Vaults:1)
  49 redbacks
  Menkaure (D:4)
  14 vampire mosquitoes
  15 small abominations
  3 wargs
  3 elf skeletons
  16 harpy simulacra
  A glowing shapeshifter zombie (Zig:14)
  9 hell hounds
  10 water moccasins
  A moth of wrath simulacrum (Zot:4)
  A floating eye (shapeshifter) (D:13)
  3 ice beasts
  2 floating eyes (Orc:1)
  A swamp drake (D:10)
  21 orc warriors
  A black bear (shapeshifter) (Elf:3)
  17 ogres
  4 sky beasts
  4 black bears
  18 wolves
  13 centaurs
  3 ettin simulacra (Coc:4)
  2 phantoms
  4 kobold brigands
  9 bullfrogs
  2 naga simulacra
  8 earth elementals
  3 scorpions
  7 wights
  A warg skeleton (Crypt:2)
  2 troll zombies (D:12)
  A swamp dragon simulacrum (Coc:1)
  7 killer bees
  2 howler monkeys
  2 crimson imps
  5 hounds
  3 quasits
  An iron imp (Abyss:1)
  A bullfrog skeleton (Crypt:1)
  A human simulacrum (Vaults:1)
  12 orc priests
  A jelly (Dis:4)
  2 iguanas (D:7)
  23 orc wizards
  A sleepcap (D:4)
  2 lightning spires (WizLab)
  4 ogre zombies (D:12)
  52 mummies
  7 gnolls
  A howler monkey skeleton (Crypt:1)
  7 adders
  2 shadow imps
  4 white imps
  2 ufetubi
  A worm (D:2)
  A dart slug (D:5)
  51 orcs
  4 ball pythons
  4 endoplasms
  4 giant cockroaches
  A gnoll zombie (Ossuary)
  7 goblins
  9 hobgoblins
  22 kobolds
  A quokka (D:1)
  3 training dummies (D:13)
  5 bats
  2 frilled lizards (D:1)
  A frilled lizard zombie (Crypt:3)
  A goblin skeleton (D:12)
  4 goblin zombies (D:12)
  3 hobgoblin skeletons
  4 hobgoblin zombies
  3 kobold zombies (Ossuary)
  2 orc skeletons (D:12)
  10 orc zombies
  4 rats
  A butterfly (Lair:1)
  3 creeping infernos
  13 fire vortices
  3 lurking horrors
  22 pillars of salt (Orc:2)
  3 starspawn tentacles
  2 tentacles (Shoals:2)
3861 creatures vanquished.

Vanquished Creatures (collateral kills)
  Antaeus (Coc:7)
  Mnoleg (Pan)
  5 royal mummies (Tomb:3)
  An electric golem (Zot:5)
  2 tentacled monstrosities
  10 Orb Guardians (Zot:5)
  A pandemonium lord (Pan)
  A death cob (Zot:1)
  An Executioner (Pan)
  A shadow dragon (Hell)
  A demonspawn warmonger (Pan)
  A revenant (Tomb:3)
  A frost giant (Hell)
  2 iron dragons (Hell)
  A draconian scorcher (Zot:5)
  3 balrugs
  4 reapers
  2 cacodemons (Pan)
  6 very ugly things (Pan)
  A draconian stormcaller (Zot:1)
  A green draconian (Zot:5)
  2 putrid mouths (Hell)
  A purple draconian (Zot:5)
  A yellow draconian (Zot:5)
  A deep elf annihilator (Pan)
  A blizzard demon (Hell)
  A green death (Pan)
  7 mummy priests
  15 death scarabs
  A glowing orange brain (Pan)
  9 sun demons
  A soul eater (Hell)
  A sixfirhy (Pan)
  A skeletal warrior (Hell)
  A shadow dragon zombie (Tomb:3)
  2 flayed ghosts (Hell)
  2 phantasmal warriors (Hell)
  3 large abominations (Pan)
  2 ugly things (Pan)
  A dire elephant zombie (Tomb:3)
  An orange demon (Pan)
  A demonic crawler (Pan)
  6 smoke demons
  2 molten gargoyles (Hell)
  A freezing wraith (Hell)
  14 guardian mummies
  A red devil (Pan)
  A hellwing (Pan)
  4 ushabtiu (Tomb:3)
  2 neqoxecs (Pan)
  2 chaos spawn (Pan)
  2 hell hounds (Hell)
  5 mummies (Tomb:3)
  A ball lightning (Pan)
143 creatures vanquished.

Vanquished Creatures (others)
  An eldritch tentacle (Pan)
  A fire giant (Geh:3)
  3 azure jellies
  2 demonspawn corrupters (Pan)
  A demonspawn blood saint (Pan)
  An ophan (Abyss:1)
  4 great orbs of eyes
  2 caustic shrike simulacra
  A great orb of eyes (shapeshifter) (Vaults:5)
  A merfolk aquamancer (Shoals:2)
  2 shining eyes
  A spriggan simulacrum (Coc:3)
  A deep elf pyromancer (Elf:2)
  A salamander (Abyss:1)
  A manticore (shapeshifter) (Vaults:5)
  A guardian serpent (Abyss:1)
  A smoke demon (Pan)
  An eye of devastation (shapeshifter) (Abyss:3)
  An unseen horror (D:13)
  2 hellions
  An unseen horror skeleton (Crypt:2)
  An anaconda simulacrum (Coc:3)
  A dire elephant simulacrum (Coc:7)
  A centaur simulacrum (Coc:2)
  A fire elemental (Elf:1)
  A fire bat (Abyss:3)
  A human (D:14)
  7 golden eyes (Pan)
  3 harpy simulacra (Coc:7)
  A floating eye (Pan)
  226 jellies
  A mummy (Tomb:3)
  An ufetubus (Abyss:1)
  10 ball lightnings (Pan)
  A creeping inferno (Geh:7)
  6 fire vortices
  69 fulminant prisms
  51 fungi
  5 pillars of salt (Orc:2)
  213 plants
  10 starspawn tentacles
  6 tentacles
  5 toadstools (D:1)
  A withered plant (Shoals:1)
652 creatures vanquished.

Grand Total: 4656 creatures vanquished

Notes
Turn   | Place    | Note
-------+----------+-------------------------------------------
     0 | D:1      | RepoMan the Gargoyle Conjurer began the quest for the Orb.
     0 | D:1      | Reached XP level 1. HP: 10/10 MP: 3/3
   210 | D:1      | Reached XP level 2. HP: 15/15 MP: 1/5
   259 | D:1      | Found a faded altar of an unknown god.
   296 | D:1      | Learned a level 2 spell: Searing Ray
   639 | D:1      | Reached skill level 5 in Conjurations
  1056 | D:2      | Reached XP level 3. HP: 19/19 MP: 4/6
  1746 | D:2      | Reached XP level 4. HP: 24/24 MP: 3/7
  2000 | D:3      | Learned a level 1 spell: Apportation
  2325 | D:3      | Reached XP level 5. HP: 28/28 MP: 0/8
  2928 | D:4      | Found a shadowy altar of Dithmenos.
  2932 | D:4      | Noticed Menkaure
  2994 | D:4      | Noticed Sigmund
  3064 | D:4      | Found a sand-covered staircase.
  3073 | Ossuary  | Entered an ossuary
  3083 | Ossuary  | Reached XP level 6. HP: 32/32 MP: 4/9
  3918 | D:5      | Entered Level 5 of the Dungeon
  3918 | D:5      | Noticed a gargoyle
  3918 | D:5      | Noticed an ice beast
  3954 | D:4      | Killed Sigmund
  3955 | D:4      | Reached XP level 7. HP: 28/36 MP: 2/10
  4625 | D:4      | Killed Menkaure
  4626 | D:4      | Reached skill level 1 in Fighting
  4772 | D:5      | Found a basalt altar of Yredelemnul.
  4778 | D:5      | Reached XP level 8. HP: 43/43 MP: 4/11
  4875 | D:5      | Reached skill level 10 in Conjurations
  4930 | D:5      | Found a staircase to the Ecumenical Temple.
  4964 | Temple   | Entered the Ecumenical Temple
  5086 | D:5      | Learned a level 4 spell: Fulminant Prism
  5091 | D:5      | Learned a level 4 spell: Iskenderun's Mystic Blast
  5203 | D:5      | Noticed Eustachio
  5249 | D:5      | Killed Eustachio
  5474 | D:5      | Reached skill level 1 in Hexes
  5474 | D:5      | Reached skill level 1 in Translocations
  6005 | D:6      | Found Xaitiki's Jewellery Boutique.
  6162 | D:6      | Reached XP level 9. HP: 35/51 MP: 8/14
  6226 | D:6      | Reached skill level 1 in Armour
  7820 | D:8      | Found a bloodstained altar of Trog.
  8378 | D:8      | Reached XP level 10. HP: 50/58 MP: 5/16
  8634 | D:8      | Found a staircase to the Lair.
  8675 | D:8      | Reached skill level 5 in Fighting
  8871 | D:8      | Found a hazy altar of Hepliaklqana.
  9213 | D:9      | Noticed Maurice
  9341 | D:9      | Killed Maurice
  9342 | D:9      | Reached skill level 5 in Spellcasting
  9438 | D:9      | Found a burning altar of Makhleb.
  9438 | D:9      | Found a shimmering blue altar of Sif Muna.
  9454 | D:9      | Found Hioteu's Neck Hole.
 10515 | D:9      | Found a shimmering altar of Xom.
 10656 | D:10     | Entered Level 10 of the Dungeon
 10656 | D:10     | Noticed a two-headed ogre
 10665 | D:10     | Killed a two-headed ogre
 10666 | D:10     | Reached XP level 11. HP: 67/67 MP: 10/20
 10695 | D:10     | Learned a level 5 spell: Lee's Rapid Deconstruction
 10810 | D:10     | Noticed Josephine
 10821 | D:10     | Killed Josephine
 11218 | D:10     | Noticed a two-headed ogre
 11224 | D:10     | Killed a two-headed ogre
 11264 | D:10     | Noticed a two-headed ogre
 11271 | D:10     | Killed a two-headed ogre
 11272 | D:10     | Reached skill level 5 in Earth Magic
 11529 | D:10     | Identified the amulet of Niliroed {Faith Harm Dex+2 Stlth+}
 11552 | D:10     | Found a glowing golden altar of the Shining One.
 11691 | D:11     | Noticed a boulder beetle
 11701 | D:11     | Killed a boulder beetle
 11952 | D:11     | Noticed a boulder beetle
 11969 | D:11     | Killed a boulder beetle
 12134 | D:12     | Noticed a two-headed ogre
 12217 | D:12     | Noticed a cyclops
 12303 | Lair:1   | Entered Level 1 of the Lair of Beasts
 12475 | D:6      | Bought an amulet of regeneration for 390 gold pieces
 12553 | D:9      | Bought a scarf of resistance for 416 gold pieces
 12646 | D:12     | Killed a cyclops
 13016 | D:12     | Learned a level 6 spell: Iron Shot
 13123 | D:12     | Reached XP level 12. HP: 76/76 MP: 6/23
 13561 | D:12     | Killed a two-headed ogre
 14500 | D:12     | Found a staircase to the Orcish Mines.
 14949 | Orc:1    | Entered Level 1 of the Orcish Mines
 15081 | Orc:1    | Noticed Urug
 15591 | Lair:1   | Reached skill level 10 in Earth Magic
 15802 | Lair:1   | Reached skill level 10 in Fighting
 16845 | Lair:2   | Found a staircase to the Shoals.
 17450 | Lair:2   | Found a hole to the Spider Nest.
 17634 | Lair:2   | Reached XP level 13. HP: 70/83 MP: 5/25
 21119 | Lair:5   | Entered Level 5 of the Lair of Beasts
 21287 | Lair:5   | Reached skill level 10 in Spellcasting
 21650 | Lair:5   | Gained mutation: Your large and strong wings let you fly.
                  | [Gargoyle growth]
 21650 | Lair:5   | Reached XP level 14. HP: 92/92 MP: 4/28
 22084 | Lair:5   | Reached skill level 15 in Earth Magic
 22988 | Lair:5   | Found a shadowy altar of Dithmenos.
 23138 | Lair:5   | Found a runed translucent door.
 23138 | Lair:5   | Noticed an azure jelly
 23138 | Lair:5   | Noticed an azure jelly
 23139 | Lair:5   | Found a staircase to the Slime Pits.
 23139 | Lair:5   | Noticed an azure jelly
 23549 | Lair:5   | Found the brooch of Shielding {Spirit SH+8}
 23578 | Lair:5   | Identified the +4 trident "Bionlaar" {vamp, Int+2}
 23852 | Orc:1    | Killed Urug
 24556 | Orc:2    | Entered Level 2 of the Orcish Mines
 24556 | Orc:2    | Noticed Rupert
 24556 | Orc:2    | Found a staircase to the Elven Halls.
 24561 | Orc:2    | Killed Rupert
 24717 | Orc:2    | Noticed Azrael
 24727 | Orc:2    | Killed Azrael
 24885 | Orc:2    | Noticed Nessos
 25116 | Orc:2    | Killed Nessos
 25136 | Orc:2    | Noticed Snorg
 25142 | Orc:2    | Killed Snorg
 26316 | Orc:2    | Found Goto's Weapon Shoppe.
 26321 | Orc:2    | Found Ucweiph's Antique Armour Shoppe.
 26346 | Orc:2    | Found Alosh's Antique Weapon Shoppe.
 26346 | Orc:2    | Noticed an orc warlord
 26358 | Orc:2    | Reached XP level 15. HP: 27/99 MP: 21/30
 26366 | Orc:2    | Killed an orc warlord
 26595 | Orc:2    | Found Waib's Book Boutique.
 26718 | Orc:2    | Found a runed translucent gate.
 26718 | Orc:2    | Identified the +6 chain mail of Grot {rF+ rC+ rN+}
 26719 | Orc:2    | Found a runed translucent gate.
 26720 | Orc:2    | Found a runed translucent gate.
 26723 | Orc:2    | Found the +16 obsidian axe {drain, demonic, Mesm Drain Fly
                  | SInv}
 26725 | Orc:2    | Noticed voshxx's ghost (journeyman GrEE)
 27261 | Orc:2    | Bought a pair of faintly humming gloves for 323 gold pieces
 27261 | Orc:2    | Identified the +3 pair of gloves of Uskayaw's Grace {rN+
                  | Int+3} (You bought it in a shop on level 2 of the Orcish
                  | Mines)
 27285 | Orc:2    | Bought a book of Armaments for 576 gold pieces
 27290 | Orc:2    | Learned a level 3 spell: Stone Arrow
 28500 | D:13     | Found Exofym's Firing Range.
 28505 | D:13     | Bought a throwing net for 36 gold pieces
 29501 | D:14     | Reached skill level 1 in Shields
 30214 | D:14     | Found a gate to the Vaults.
 30563 | D:15     | Entered Level 15 of the Dungeon
 30610 | D:15     | Noticed Agnes
 30616 | D:15     | Killed Agnes
 31004 | D:15     | Found a staircase to the Depths.
 31324 | D:15     | Found Duast's Antique Armour Emporium.
 31324 | D:15     | Found Laeriud's Jewellery Shop.
 31326 | D:15     | Found Yvau's Armour Shoppe.
 31326 | D:15     | Found Sannul's Jewellery Boutique.
 31328 | D:15     | Found Qypsego's Book Emporium.
 31328 | D:15     | Found Otueceru's Magic Scroll Shop.
 31339 | D:15     | Bought a scroll of identify for 36 gold pieces
 31339 | D:15     | Bought a scroll of fog for 72 gold pieces
 31344 | D:15     | Bought a book of Unlife for 576 gold pieces
 31350 | D:15     | Learned a level 5 spell: Borgnjor's Vile Clutch
 31545 | D:15     | Reached skill level 5 in Shields
 32020 | Spider:1 | Entered Level 1 of the Spider Nest
 32020 | Spider:1 | Noticed an emperor scorpion
 32259 | Lair:2   | Killed an emperor scorpion
 32354 | Spider:1 | Reached XP level 16. HP: 103/107 MP: 21/32
 33000 | Spider:1 | Noticed Mlioglotl
 33097 | Spider:1 | Noticed a tentacled starspawn
 33102 | Spider:1 | Noticed Jorgrun
 33362 | Shoals:1 | Entered Level 1 of the Shoals
 34143 | Shoals:1 | Found Mouruen's Antique Armour Emporium.
 34285 | Shoals:1 | Noticed Louise
 34296 | Shoals:1 | Killed Louise
 34539 | Shoals:1 | Reached skill level 1 in Throwing
 34633 | Shoals:1 | Reached skill level 15 in Fighting
 35484 | Shoals:2 | Upgraded the game from 0.30-a0-919-g9323dee000 to
                  | 0.30-a0-923-g828ccac5a3
 35535 | Shoals:2 | Noticed Ilsuiw
 35544 | Shoals:2 | Noticed Nikola
 35982 | Shoals:2 | Identified the ring "Utoukh" {EV+5 Str+2}
 36137 | Shoals:2 | Killed Ilsuiw
 36442 | Shoals:2 | Killed Nikola
 37103 | Shoals:2 | Noticed a kraken
 37112 | Shoals:2 | Killed a kraken
 37523 | Shoals:3 | Reached XP level 17. HP: 113/113 MP: 30/34
 37690 | Shoals:3 | Reached skill level 10 in Shields
 37872 | Shoals:3 | Found Sozenkof's Jewellery Boutique.
 38365 | Shoals:3 | Noticed a kraken
 38375 | Shoals:3 | Killed a kraken
 39028 | Shoals:3 | Identified the +6 war axe of Conflict {freeze, rElec MP+9
                  | Dex-5 Stlth-}
 39330 | Shoals:4 | Entered Level 4 of the Shoals
 39760 | Shoals:4 | Reached skill level 1 in Necromancy
 40677 | Shoals:4 | Noticed Polyphemus
 40684 | Shoals:4 | Killed Polyphemus
 41568 | Shoals:4 | Noticed a sphinx
 41571 | Shoals:4 | Killed a sphinx
 41738 | Shoals:4 | Got the Cyclopedia of the Chilling Escort
 41741 | Shoals:4 | Got a barnacled rune of Zot
 42664 | Elf:1    | Entered Level 1 of the Elven Halls
 42687 | Elf:1    | Reached XP level 18. HP: 120/120 MP: 17/35
 42812 | Elf:1    | You are sucked into a shaft and drop 1 floor!
 43605 | Elf:1    | Got the Elucidation of Combat Magic
 44220 | Elf:1    | Found a hide-covered altar of Uskayaw.
 44326 | Elf:1    | Found Laushast's Luxury Loot.
 44558 | Elf:2    | Identified the +1 leather armour "Nojuic" {Dex+3 SInv
                  | Stlth+}
 44574 | Elf:2    | Found a radiant altar of Vehumet.
 44865 | Elf:2    | Paralysed by an air elemental for 1 turns
 45113 | Elf:2    | Found a runed translucent gate.
 45113 | Elf:2    | Found a runed translucent gate.
 45113 | Elf:2    | Found a runed translucent gate.
 45329 | Elf:2    | Reached skill level 5 in Dodging
 45609 | Elf:2    | Noticed a deep elf blademaster
 45619 | Elf:2    | Killed a deep elf blademaster
 45997 | Elf:3    | Entered Level 3 of the Elven Halls
 46194 | Elf:3    | Noticed Asterion
 46201 | Elf:3    | Killed Asterion
 46458 | Elf:3    | Identified a scroll of acquirement
 46845 | Elf:3    | Found Osmaar's Jewellery Shop.
 46918 | Elf:3    | Reached XP level 19. HP: 127/127 MP: 37/37
 47257 | Elf:3    | Reached skill level 5 in Necromancy
 47471 | Elf:3    | Identified the amulet "Aptiuj" {Acrobat rPois Str+3}
 47471 | Elf:3    | Identified the +6 scale mail "Dihoug Zovo" {*Corrode +Inv
                  | Stlth+}
 47471 | Elf:3    | Identified the staff of conjuration "Uplipo" {Drain rC-
                  | rN+++ SInv}
 47979 | Elf:3    | Identified the +0 flail of the Queen {drain, *Slow +Blink
                  | rElec rC++}
 47989 | Elf:3    | Identified the +3 spear "Wigg" {drain, Str+4}
 48248 | Elf:3    | Identified the +3 chain mail "Oxoloapou" {Rampage Str+3
                  | SInv Stlth+}
 48701 | Elf:3    | Got the Elucidation of Battle Magic
 48813 | Elf:3    | Got Gautt's Quarto of Hexes and the Syncline
 48825 | Elf:3    | Got Sif Muna's Textbook on the Autopsy and Frost
 48831 | Elf:3    | Identified the staff of fire "Leagguq" {rPois rF+ Stlth+}
 48837 | Elf:3    | Got the Compilation of the Shift and Tephra
 48895 | Elf:3    | Acquired the Opusculum on Scree
 49205 | Lair:2   | Killed Mlioglotl
 49244 | Spider:1 | Reached skill level 15 in Shields
 49293 | Spider:1 | Killed Jorgrun
 49634 | Spider:1 | Learned a level 3 spell: Vhi's Electric Charge
 49640 | Spider:1 | Learned a level 5 spell: Irradiate
 50642 | Spider:2 | Found a runed translucent door.
 51272 | Spider:2 | Reached XP level 20. HP: 134/134 MP: 38/38
 51961 | Spider:3 | Reached skill level 15 in Spellcasting
 53633 | Spider:4 | Entered Level 4 of the Spider Nest
 55501 | Spider:4 | Reached skill level 5 in Armour
 56153 | Spider:4 | Got a gossamer rune of Zot
 56565 | Vaults:1 | Entered Level 1 of the Vaults
 57594 | Vaults:1 | Reached XP level 21. HP: 141/141 MP: 24/40
 60472 | Vaults:2 | Noticed Aizul
 60483 | Vaults:2 | Killed Aizul
 62855 | Vaults:3 | Found Beineas's Assorted Antiques.
 62914 | Vaults:3 | Found a staircase to the Crypt.
 62914 | Vaults:3 | Found a basalt altar of Yredelemnul.
 62915 | Vaults:3 | Found an ancient bone altar of Kikubaaqudgha.
 63054 | Vaults:3 | Reached XP level 22. HP: 150/150 MP: 40/42
 64160 | Vaults:3 | Identified the +5 dagger "Dakoafank" {freeze, Fragile Fly
                  | rPois rN+++}
 64163 | Vaults:3 | Noticed a golden dragon
 64167 | Vaults:3 | Killed a golden dragon
 66917 | Vaults:4 | Learned a level 2 spell: Passwall
 67733 | D:6      | Bought a ring of resist corrosion for 260 gold pieces
 67950 | Slime:1  | Entered Level 1 of the Pits of Slime
 68006 | Slime:1  | Reached skill level 1 in Transmutations
 68499 | Slime:2  | Gained mutation: You are frail. (-10% HP) [a shining eye]
 68724 | Slime:2  | Noticed Dissolution
 68746 | Slime:2  | Gained mutation: You occasionally lose the ability to read
                  | scrolls when taking damage. [a shining eye]
 68926 | Slime:3  | Reached XP level 23. HP: 144/144 MP: 8/45
 69268 | Slime:2  | Lost mutation: You are frail. (-10% HP) [potion of
                  | mutation]
 69268 | Slime:2  | Lost mutation: You occasionally lose the ability to read
                  | scrolls when taking damage. [potion of mutation]
 69268 | Slime:2  | Gained mutation: You occasionally lose the ability to drink
                  | potions when taking damage. [potion of mutation]
 69564 | Slime:5  | Entered Level 5 of the Pits of Slime
 69601 | Slime:5  | Noticed the Royal Jelly
 69602 | Slime:5  | Found a viscous altar of Jiyva.
 69612 | Slime:5  | Became a worshipper of Jiyva Jucapuko the Shapeless
 70101 | Crypt:1  | Entered Level 1 of the Crypt
 70196 | Crypt:3  | Entered Level 3 of the Crypt
 71392 | Crypt:2  | Learned a level 9 spell: Shatter
 71667 | Crypt:3  | Noticed Jory
 71672 | Crypt:3  | Killed Jory
 72644 | Crypt:3  | Found an ancient bone altar of Kikubaaqudgha.
 72733 | Crypt:3  | Got the Quarto of Last Rites
 72737 | Crypt:3  | Identified the staff of poison "Quottiuc" {Fly rPois rC+
                  | Dex+2}
 72971 | Crypt:3  | Found a staircase to the Tomb.
 73084 | Crypt:3  | Reached * piety under Jiyva
 74907 | Crypt:1  | Reached ** piety under Jiyva
 74946 | Crypt:1  | Identified the +6 quarterstaff "Joitt" {elec, Fly Str+3
                  | Int-5}
 75330 | Crypt:2  | Reached XP level 24. HP: 169/169 MP: 36/46
 75337 | Crypt:2  | Noticed a dread lich
 75697 | Crypt:2  | Killed a dread lich
 75698 | Crypt:2  | Reached skill level 1 in Invocations
 75894 | Crypt:2  | Reached *** piety under Jiyva
 76024 | Crypt:2  | Identified the +0 scale mail of Ecups {rElec Slay+3}
 76130 | Crypt:2  | Lost mutation: You occasionally lose the ability to drink
                  | potions when taking damage. [Jiyva's grace]
 76130 | Crypt:2  | Gained mutation: You possess an exceptional clarity of
                  | mind. [Jiyva's grace]
 76130 | Crypt:2  | Gained mutation: You are covered in slimy tendrils that may
                  | disarm your opponents. [Jiyva's grace]
 76130 | Crypt:2  | Gained mutation: Your melee attacks may engulf your foes in
                  | ooze. [Jiyva's grace]
 76130 | Crypt:2  | Gained mutation: Your translucent skin slightly reduces
                  | your foes' accuracy. (Stealth+) [Jiyva's grace]
 76600 | Depths:1 | Entered Level 1 of the Depths
 76615 | Depths:1 | Reached skill level 1 in Staves
 76692 | Depths:1 | Found a magical portal.
 76756 | WizLab   | Entered Maxwell's Workshop
 76779 | WizLab   | Upgraded the game from 0.30-a0-923-g828ccac5a3 to
                  | 0.30-a0-928-g7f6bbad527
 76891 | WizLab   | Identified the ring of Impatience {Fire Str+5}
 77240 | WizLab   | Identified the ring "Cucraf" {Fire Str+7 Dex-4 SInv}
 77250 | WizLab   | Identified the +0 helmet of Midnight {Int+4}
 77254 | WizLab   | Identified the +0 dagger of Disorder {protect, rPois}
 77255 | WizLab   | Identified the amulet of Law {Spirit Int+2 Dex+2}
 77432 | Depths:1 | Reached **** piety under Jiyva
 77505 | Depths:1 | Found a gateway to Hell.
 77774 | Depths:1 | Found a hazy altar of Hepliaklqana.
 77931 | Depths:2 | Reached skill level 5 in Invocations
 78310 | Depths:2 | Reached ***** piety under Jiyva
 78396 | Depths:2 | Reached skill level 5 in Staves
 78693 | Depths:2 | Lost mutation: Your translucent skin slightly reduces your
                  | foes' accuracy. (Stealth+) [Jiyva's grace]
 78693 | Depths:2 | Gained mutation: You have a pair of small horns on your
                  | head. [Jiyva's grace]
 78693 | Depths:2 | Gained mutation: You have a pair of horns on your head.
                  | [Jiyva's grace]
 78693 | Depths:2 | Gained mutation: You have a pair of large horns on your
                  | head. [Jiyva's grace]
 78693 | Depths:2 | Gained mutation: You expend magic power (3 MP) to
                  | strengthen your wands. [Jiyva's grace]
 78794 | Depths:2 | Found a one-way gate leading to the halls of Pandemonium.
 79082 | Depths:2 | Found a runed translucent gate.
 79082 | Depths:2 | Found a runed translucent gate.
 79082 | Depths:2 | Found a runed translucent gate.
 79095 | Depths:2 | Noticed a caustic shrike
 79117 | Depths:2 | Found a runed translucent gate.
 79117 | Depths:2 | Found a runed translucent gate.
 79117 | Depths:2 | Found a runed translucent gate.
 79381 | Depths:2 | Was placed under penance by Jiyva
 79385 | Depths:2 | Reached XP level 25. HP: 161/176 MP: 21/47
 79389 | Depths:2 | Gained mutation: You are clumsy. (Dex -2) [mutagenic glow]
 79617 | Depths:2 | Was forgiven by Jiyva
 79738 | Depths:2 | Learned a level 8 spell: Lehudib's Crystal Spear
 80109 | Depths:3 | Identified the +0 robe of the Big Bang {rElec rF+ rN+
                  | Slay-4}
 80178 | Depths:3 | Found Hograoh's General Store.
 80183 | Depths:3 | Bought 2 potions of curing for 90 gold pieces
 80183 | Depths:3 | Bought a scroll of blinking for 112 gold pieces
 80183 | Depths:3 | Bought a scroll of immolation for 60 gold pieces
 80205 | Depths:3 | Found a one-way gate to the infinite horrors of the Abyss.
 80421 | Depths:3 | You are sucked into a shaft and drop 1 floor!
 80421 | Depths:4 | Entered Level 4 of the Depths
 80754 | Depths:4 | Found a one-way gateway to a ziggurat.
 81232 | Depths:4 | Found a gate to the Realm of Zot.
 81510 | D:15     | Bought a book of Spatial Translocations for 288 gold pieces
 81513 | D:15     | Learned a level 2 spell: Blink
 81749 | Elf:3    | Bought the amulet of Cel Bogri {RegenMP rC+ Str+4 SInv
                  | Stlth-} for 828 gold pieces
 82207 | Vaults:5 | Entered Level 5 of the Vaults
 82209 | Vaults:5 | Reached skill level 10 in Invocations
 82424 | Vaults:5 | Reached XP level 26. HP: 181/183 MP: 25/47
 82662 | Vaults:5 | Identified the staff of death "Fomiu" {rPois rF++ rN+ Int-3
                  | Dex+3}
 82699 | Vaults:5 | Identified the +11 trident "Qin Duife" {flame, rCorr Int+3
                  | Dex+2}
 82701 | Vaults:5 | Got a silver rune of Zot
 82820 | Vaults:5 | Found Kiuwuvoj's Magic Scroll Boutique.
 82821 | Vaults:5 | Lost mutation: You have a pair of large horns on your head.
                  | [Jiyva's grace]
 82821 | Vaults:5 | Lost mutation: You are clumsy. (Dex -2) [Jiyva's grace]
 82821 | Vaults:5 | Lost mutation: You are covered in slimy tendrils that may
                  | disarm your opponents. [Jiyva's grace]
 82821 | Vaults:5 | Lost mutation: You expend magic power (3 MP) to strengthen
                  | your wands. [Jiyva's grace]
 82821 | Vaults:5 | Gained mutation: Armour fits poorly on your pseudopods.
                  | [Jiyva's grace]
 82821 | Vaults:5 | Gained mutation: Armour fits poorly on your large
                  | pseudopods. [Jiyva's grace]
 82821 | Vaults:5 | Gained mutation: Armour fits poorly on your massive
                  | pseudopods. [Jiyva's grace]
 82821 | Vaults:5 | Gained mutation: You are agile. (Dex +4, Str/Int -1)
                  | [Jiyva's grace]
 82832 | Vaults:5 | Bought a scroll of teleportation for 51 gold pieces
 82832 | Vaults:5 | Bought a scroll of teleportation for 51 gold pieces
 82832 | Vaults:5 | Bought a scroll of teleportation for 51 gold pieces
 82835 | Vaults:5 | Bought a scroll of butterflies for 68 gold pieces
 82940 | Vaults:5 | Got the Disquisition on Poisoning and Energy
 83789 | Zot:1    | Entered Level 1 of the Realm of Zot
 83869 | Zot:1    | Noticed Parghit
 84074 | Zot:1    | You are sucked into a shaft and drop 1 floor!
 84149 | Zot:2    | Identified the +1 robe of Pandemonium {rF+++ Will+ rCorr
                  | Stlth-}
 84227 | Zot:1    | Killed Parghit
 85270 | Zot:2    | Reached ****** piety under Jiyva
 85362 | Zot:2    | Lost mutation: You are agile. (Dex +4, Str/Int -1) [Jiyva's
                  | grace]
 85362 | Zot:2    | Lost mutation: Armour fits poorly on your massive
                  | pseudopods. [Jiyva's grace]
 85362 | Zot:2    | Lost mutation: Your melee attacks may engulf your foes in
                  | ooze. [Jiyva's grace]
 85362 | Zot:2    | Gained mutation: You have supernaturally acute eyesight.
                  | (SInv) [Jiyva's grace]
 85362 | Zot:2    | Gained mutation: You are covered in slimy tendrils that may
                  | disarm your opponents. [Jiyva's grace]
 85362 | Zot:2    | Gained mutation: Your body has grown eyes which may confuse
                  | attackers. (Acc +3) [Jiyva's grace]
 85362 | Zot:2    | Gained mutation: Your body has grown many eyes which may
                  | confuse attackers. (Acc +5) [Jiyva's grace]
 85757 | Zot:3    | Reached XP level 27. HP: 188/188 MP: 8/48
 85917 | Zot:3    | Reached skill level 15 in Invocations
 86178 | Zot:3    | Noticed an orb of fire
 86183 | Zot:3    | Killed an orb of fire
 86525 | Zot:4    | Identified the +2 hand axe "Pamikkou" {speed, Drain rElec
                  | rN+ Str+2}
 86637 | Zot:4    | Found a runed translucent gate.
 86637 | Zot:4    | Found a runed translucent gate.
 86639 | Zot:4    | Found a runed translucent gate.
 86715 | Zot:4    | Learned a level 4 spell: Petrify
 86744 | Zot:4    | Noticed Kiciri's ghost (legendary DjCj)
 86766 | Zot:4    | Killed Kiciri's ghost
 86828 | Zot:4    | Identified the amulet "Kizaj" {Fly rElec Regen+}
 87395 | Slime:5  | Identified the ring of Ydaewkid {rN+ Dex+3 SInv}
 87415 | Slime:5  | Identified the staff of conjuration "Cowy Tala" {rC+ Will+}
 87416 | Slime:5  | Identified the staff of death "Aqiv" {rN+ Str+5}
 87432 | Slime:5  | Got a slimy rune of Zot
 87433 | Slime:5  | Identified the ring of Brilliance {rC+ Str+5 Int-4}
 87453 | Slime:5  | Identified the staff of fire "Udot" {rF+ Int+4}
 87455 | Slime:5  | Identified the +4 quarterstaff "Bemuxkam" {pain, rElec rC-
                  | Will+ Dex+2}
 87913 | Zig:1    | Entered Level 1 of a ziggurat
 87914 | Zig:1    | Noticed Ysas the pandemonium lord
 87918 | Zig:1    | Killed Ysas the pandemonium lord
 87972 | Zig:2    | Entered Level 2 of a ziggurat
 87975 | Zig:2    | Noticed Foxew the pandemonium lord
 87979 | Zig:2    | Killed Foxew the pandemonium lord
 88017 | Zig:3    | Entered Level 3 of a ziggurat
 88030 | Zig:3    | Identified the +0 plate armour of Fedhas's Supremacy {rPois
                  | rF+ rC+ Dex-5}
 88035 | Zig:4    | Entered Level 4 of a ziggurat
 88043 | Zig:4    | Noticed Zakh the pandemonium lord
 88056 | Zig:4    | Killed Zakh the pandemonium lord
 88062 | Zig:4    | Identified the +5 hand axe of Corruption {heavy, Int+4}
 88084 | Zig:5    | Entered Level 5 of a ziggurat
 88118 | Zig:6    | Entered Level 6 of a ziggurat
 88152 | Zig:6    | Identified the staff of death "Lenoizeaqi" {rF+ rN+ rCorr}
 88156 | Zig:6    | Identified the amulet of Gavum {RegenMP Int+3}
 88165 | Zig:7    | Entered Level 7 of a ziggurat
 88169 | Zig:7    | Lost mutation: You possess an exceptional clarity of mind.
                  | [Jiyva's grace]
 88169 | Zig:7    | Lost mutation: Your body has grown many eyes which may
                  | confuse attackers. (Acc +5) [Jiyva's grace]
 88169 | Zig:7    | Lost mutation: Armour fits poorly on your large pseudopods.
                  | [Jiyva's grace]
 88169 | Zig:7    | Gained mutation: You have acidic saliva. [Jiyva's grace]
 88169 | Zig:7    | Gained mutation: You have sharp toenails. [Jiyva's grace]
 88169 | Zig:7    | Gained mutation: You have razor-sharp toenails. [Jiyva's
                  | grace]
 88169 | Zig:7    | Gained mutation: You have claws for feet. [Jiyva's grace]
 88208 | Zig:8    | Entered Level 8 of a ziggurat
 88271 | Zig:8    | Identified the +6 glaive of Departure {elec, MP+9 Str+6
                  | Dex-5}
 88277 | Zig:9    | Entered Level 9 of a ziggurat
 88283 | Zig:9    | Noticed a royal mummy
 88283 | Zig:9    | Noticed a royal mummy
 88287 | Zig:9    | Killed a royal mummy
 88287 | Zig:9    | Killed a royal mummy
 88313 | Zig:9    | Identified the +0 scale mail of Contumacious Salvation
                  | {rElec Will++}
 88316 | Zig:9    | Identified the +2 war axe of Aveyck {antimagic, rElec rN+}
 88332 | Zig:10   | Entered Level 10 of a ziggurat
 88339 | Zig:10   | Noticed Eqas the pandemonium lord
 88341 | Zig:10   | Noticed Nais the pandemonium lord
 88351 | Zig:10   | Killed Nais the pandemonium lord
 88356 | Zig:10   | Killed Eqas the pandemonium lord
 88381 | Zig:10   | Identified the +6 scale mail of Wuehohisott {Drain rF+
                  | rCorr Dex+2}
 88401 | Zig:11   | Entered Level 11 of a ziggurat
 88428 | Zig:11   | Identified the +0 chain mail "Muats" {*Corrode rElec rN+
                  | Int+3 Dex+3}
 88437 | Zig:11   | Identified the +0 plate armour of the Big Bang {Regen+
                  | MP+9}
 88453 | Zig:12   | Entered Level 12 of a ziggurat
 88492 | Zig:13   | Entered Level 13 of a ziggurat
 88547 | Zig:13   | Identified the +5 pair of boots of the Jumping Gods {Drain
                  | rPois Int-5 SInv}
 88550 | Zig:13   | Identified the +2 war axe "Riamyrgh" {drain, rCorr Dex+4
                  | Stlth-}
 88572 | Zig:14   | Entered Level 14 of a ziggurat
 88580 | Zig:14   | Noticed a royal mummy
 88586 | Zig:14   | Noticed a royal mummy
 88587 | Zig:14   | Killed a royal mummy
 88589 | Zig:14   | Killed a royal mummy
 88606 | Zig:14   | Found the +7 captain's cutlass {speed, disarm}
 88623 | Zig:14   | Identified the ring "Ralynoibi" {rF+ Will+ EV+5 Slay+2}
 88630 | Zig:14   | Identified the ring of Xoxkoedu {rC+ rCorr Int+4 Stlth-}
 88640 | Zig:14   | Identified the staff of conjuration "Hoydif" {rF+ rN+ Str-4
                  | Dex+3}
 88645 | Zig:15   | Entered Level 15 of a ziggurat
 88712 | Zig:16   | Entered Level 16 of a ziggurat
 88779 | Zig:16   | Identified the staff of poison "Pegg" {Contam rPois rCorr
                  | Int+6}
 88784 | Zig:16   | Identified the +12 morningstar of Lidy {heavy, *Corrode
                  | rElec rPois Dex+7}
 88794 | Zig:16   | Identified the +4 dagger of the Hidden Vale {pain, rC+}
 88796 | Zig:16   | Identified the ring of Eruw {*Corrode rF+ Str+6 Int+3}
 88851 | Pan      | Entered Pandemonium
 89263 | Pan      | Identified the ring of Uvoasop {Fly rPois rC+ Str+6 Dex-4}
 89596 | Pan      | Gained mutation: You are clumsy. (Dex -2) [a cacodemon]
 89612 | Pan      | Learned a level 6 spell: Death Channel
 89916 | Pan      | Lost mutation: You have a pair of horns on your head.
                  | [Jiyva's grace]
 89916 | Pan      | Lost mutation: You have claws for feet. [Jiyva's grace]
 89916 | Pan      | Lost mutation: You are clumsy. (Dex -2) [Jiyva's grace]
 89916 | Pan      | Lost mutation: Armour fits poorly on your pseudopods.
                  | [Jiyva's grace]
 89916 | Pan      | Gained mutation: Armour fits poorly on your pseudopods.
                  | [Jiyva's grace]
 89916 | Pan      | Gained mutation: Armour fits poorly on your large
                  | pseudopods. [Jiyva's grace]
 89916 | Pan      | Gained mutation: Armour fits poorly on your massive
                  | pseudopods. [Jiyva's grace]
 89916 | Pan      | Gained mutation: You have hidden genetic potential.
                  | [Jiyva's grace]
 90320 | Pan      | Noticed Ozxaeh the pandemonium lord
 90350 | Pan      | Killed Ozxaeh the pandemonium lord
 90405 | Pan      | Got a demonic rune of Zot
 90576 | Pan      | Noticed Enluat the pandemonium lord
 90585 | Pan      | Killed Enluat the pandemonium lord
 90904 | Pan      | Found a transporter.
 90983 | Pan      | Gained mutation: You are dopey. (Int -2) [a cacodemon]
 91081 | Pan      | Noticed Qudghidi the pandemonium lord
 91114 | Pan      | Killed Qudghidi the pandemonium lord
 91140 | Depths:2 | Escaped Pandemonium
 91154 | Pan      | Entered the realm of Mnoleg.
 91154 | Pan      | Entered Pandemonium
 91207 | Pan      | Noticed Mnoleg
 91220 | Pan      | Killed Mnoleg
 91243 | Pan      | Reached skill level 27 in Invocations
 91330 | Pan      | Got a glowing rune of Zot
 91441 | Pan      | Reached skill level 10 in Dodging
 91515 | Pan      | Identified the +1 robe of Vana {Regen+}
 91522 | Pan      | Lost mutation: You have razor-sharp toenails. [Jiyva's
                  | grace]
 91522 | Pan      | Lost mutation: You are dopey. (Int -2) [Jiyva's grace]
 91522 | Pan      | Lost mutation: Your body has grown eyes which may confuse
                  | attackers. (Acc +3) [Jiyva's grace]
 91522 | Pan      | Lost mutation: You are covered in slimy tendrils that may
                  | disarm your opponents. [Jiyva's grace]
 91522 | Pan      | Gained mutation: Your movements are slightly less
                  | encumbered by armour. (ER -2) [Jiyva's grace]
 91522 | Pan      | Gained mutation: Your movements are less encumbered by
                  | armour. (ER -4) [Jiyva's grace]
 91522 | Pan      | Gained mutation: Your movements are significantly less
                  | encumbered by armour. (ER -6) [Jiyva's grace]
 91522 | Pan      | Gained mutation: You are covered in slimy tendrils that may
                  | disarm your opponents. [Jiyva's grace]
 91548 | Pan      | Noticed Teaf the pandemonium lord
 91559 | Pan      | Killed Teaf the pandemonium lord
 91560 | Pan      | Reached skill level 10 in Necromancy
 91607 | Pan      | Entered the realm of Gloorx Vloq.
 91657 | Pan      | Noticed Gloorx Vloq
 91680 | Pan      | Killed Gloorx Vloq
 91694 | Pan      | Got a dark rune of Zot
 91743 | Pan      | Entered the realm of Cerebov.
 91829 | Pan      | Found the +6 sword of Cerebov {flame}
 91829 | Pan      | Noticed Cerebov
 91832 | Pan      | Gained mutation: Your natural rate of healing is unusually
                  | fast. [hidden potential]
 91939 | Pan      | Killed Cerebov
 92012 | Pan      | Identified the +7 mace of Checks and Balances {elec, rF+
                  | rN++ MP+9 SInv}
 92035 | Pan      | Identified the staff of poison "Biniun" {rPois Dex+7}
 92077 | Pan      | Identified the +5 war axe "Taucvo" {vamp, Stlth+}
 92117 | Pan      | Got a fiery rune of Zot
 92190 | Pan      | Entered the realm of Lom Lobon.
 92318 | Pan      | Noticed Lom Lobon
 92321 | Pan      | Got a magical rune of Zot
 92342 | Pan      | Killed Lom Lobon
 92569 | Pan      | Noticed Vanuujalu the pandemonium lord
 92574 | Pan      | Killed Vanuujalu the pandemonium lord
 92864 | Pan      | Lost mutation: You have a pair of small horns on your head.
                  | [Jiyva's grace]
 92864 | Pan      | Lost mutation: You have supernaturally acute eyesight.
                  | (SInv) [Jiyva's grace]
 92864 | Pan      | Lost mutation: Your natural rate of healing is unusually
                  | fast. [Jiyva's grace]
 92864 | Pan      | Lost mutation: Armour fits poorly on your massive
                  | pseudopods. [Jiyva's grace]
 92864 | Pan      | Lost mutation: Armour fits poorly on your large pseudopods.
                  | [Jiyva's grace]
 92864 | Pan      | Lost mutation: You are covered in slimy tendrils that may
                  | disarm your opponents. [Jiyva's grace]
 92864 | Pan      | Lost mutation: Your movements are significantly less
                  | encumbered by armour. (ER -6) [Jiyva's grace]
 92864 | Pan      | Lost mutation: You have sharp toenails. [Jiyva's grace]
 92864 | Pan      | Gained mutation: You have large cloven feet. [Jiyva's
                  | grace]
 92864 | Pan      | Gained mutation: You have hoof-like feet. [Jiyva's grace]
 92864 | Pan      | Gained mutation: You have hooves in place of feet. [Jiyva's
                  | grace]
 92864 | Pan      | Gained mutation: You have great hidden genetic potential.
                  | [Jiyva's grace]
 92999 | Depths:2 | Escaped Pandemonium
 93044 | Depths:3 | Voluntarily entered the Abyss.
 93091 | Abyss:1  | Found a corrupted altar of Lugonu.
 93161 | Abyss:1  | Found a corrupted altar of Lugonu.
 93325 | Abyss:1  | Found a corrupted altar of Lugonu.
 93449 | Abyss:1  | Found a burning altar of Makhleb.
 93471 | Abyss:1  | Found a corrupted altar of Lugonu.
 93675 | Abyss:2  | Found a corrupted altar of Lugonu.
 93703 | Abyss:2  | Lost mutation: Your movements are less encumbered by
                  | armour. (ER -4) [Jiyva's grace]
 93703 | Abyss:2  | Lost mutation: Your movements are slightly less encumbered
                  | by armour. (ER -2) [Jiyva's grace]
 93703 | Abyss:2  | Gained mutation: Your flesh is heat resistant. (rF+)
                  | [Jiyva's grace]
 93703 | Abyss:2  | Gained mutation: Your flesh is very heat resistant. (rF++)
                  | [Jiyva's grace]
 93703 | Abyss:2  | Gained mutation: Your flesh is almost immune to the effects
                  | of heat. (rF+++) [Jiyva's grace]
 93703 | Abyss:2  | Lost mutation: You have great hidden genetic potential.
                  | [Jiyva's grace]
 93703 | Abyss:2  | Lost mutation: You have hidden genetic potential. [Jiyva's
                  | grace]
 93703 | Abyss:2  | Gained mutation: You are somewhat resistant to further
                  | mutation. [Jiyva's grace]
 93835 | Depths:3 | Escaped the Abyss
 93866 | Depths:3 | Voluntarily entered the Abyss.
 94008 | Abyss:3  | Got an abyssal rune of Zot
 94008 | Abyss:3  | Noticed a dread lich
 94010 | Abyss:3  | Killed a dread lich
 94010 | Abyss:3  | Noticed an ancient lich
 94033 | Abyss:3  | Killed an ancient lich
 94108 | Depths:3 | Escaped the Abyss
 94275 | D:15     | Bought a scroll of poison for 72 gold pieces
 94275 | D:15     | Bought a scroll of vulnerability for 72 gold pieces
 94275 | D:15     | Bought a scroll of acquirement for 936 gold pieces
 94275 | D:15     | Bought a scroll of magic mapping for 135 gold pieces
 94275 | D:15     | Acquired 1007 gold pieces
 94287 | D:15     | Learned a level 8 spell: Infestation
 94466 | Orc:2    | Bought an embroidered cloak for 255 gold pieces
 94466 | Orc:2    | Bought a glowing cloak for 255 gold pieces
 94466 | Orc:2    | Bought an embroidered cloak for 255 gold pieces
 94471 | Orc:2    | Bought an encrusted chain mail for 323 gold pieces
 94471 | Orc:2    | Identified the +8 chain mail of the Game of Kings {Harm
                  | rPois rC++} (You bought it in a shop on level 2 of the
                  | Orcish Mines)
 94702 | Hell     | Entered the Vestibule of Hell
 94708 | Hell     | Noticed Geryon
 94804 | Hell     | Killed Geryon
 94864 | Hell     | Found a gateway to the decaying netherworld of Tartarus.
 94868 | Hell     | Lost mutation: Your flesh is almost immune to the effects
                  | of heat. (rF+++) [Jiyva's grace]
 94868 | Hell     | Lost mutation: Your flesh is very heat resistant. (rF++)
                  | [Jiyva's grace]
 94868 | Hell     | Gained mutation: You are partially covered in large bone
                  | plates. (SH +4) [Jiyva's grace]
 94868 | Hell     | Gained mutation: You are mostly covered in large bone
                  | plates. (SH +6) [Jiyva's grace]
 94868 | Hell     | Gained mutation: You are completely covered in large bone
                  | plates. (SH +8) [Jiyva's grace]
 94868 | Hell     | Gained mutation: Your body has grown eyes which may confuse
                  | attackers. (Acc +3) [Jiyva's grace]
 94939 | Hell     | Found a gateway to the freezing wastes of Cocytus.
 94944 | Hell     | Upgraded the game from 0.30-a0-928-g7f6bbad527 to
                  | 0.30-a0-936-ge0d47acfc0
 94946 | Coc:1    | Entered Level 1 of Cocytus
 95319 | Coc:3    | Paralysed by a wendigo for 1 turns
 95422 | Coc:4    | Reached skill level 27 in Fighting
 95488 | Coc:4    | Noticed an ancient lich
 95561 | Coc:4    | Killed an ancient lich
 96171 | Coc:7    | Entered Level 7 of Cocytus
 96197 | Coc:7    | Paralysed by a wendigo for 1 turns
 96199 | Coc:7    | Paralysed by a wendigo for 1 turns
 96369 | Coc:7    | Reached skill level 15 in Necromancy
 96394 | Coc:7    | Learned a level 8 spell: Borgnjor's Revivification
 96443 | Coc:7    | Paralysed by a wendigo for 1 turns
 96536 | Coc:7    | Paralysed by a wendigo for 1 turns
 96694 | Coc:7    | Paralysed by a wendigo for 1 turns
 96829 | Coc:7    | Identified the +5 war axe of Shrieking Terror {speed, Str+7
                  | Int+5}
 96829 | Coc:7    | Noticed Antaeus
 96843 | Coc:7    | Killed Antaeus
 96920 | Coc:7    | Got an icy rune of Zot
 97080 | Hell     | Found a gateway to the Iron City of Dis.
 97085 | Dis:1    | Entered Level 1 of the Iron City of Dis
 97416 | Dis:2    | Noticed a dread lich
 97417 | Dis:2    | Noticed a royal mummy
 97425 | Dis:2    | Killed a dread lich
 97431 | Dis:2    | Noticed a royal mummy
 97435 | Dis:2    | Killed a royal mummy
 97436 | Dis:2    | Noticed a dread lich
 97437 | Dis:2    | Noticed a royal mummy
 97439 | Dis:2    | Killed a dread lich
 97441 | Dis:2    | Killed a royal mummy
 97442 | Dis:2    | Killed a royal mummy
 97442 | Dis:2    | Noticed a royal mummy
 97452 | Dis:2    | Killed a royal mummy
 97638 | Dis:4    | Was placed under penance by Jiyva
 97753 | Dis:4    | Was forgiven by Jiyva
 97802 | Dis:6    | Noticed a dread lich
 97804 | Dis:6    | Killed a dread lich
 97937 | Dis:6    | Lost mutation: You have hooves in place of feet. [Jiyva's
                  | grace]
 97937 | Dis:6    | Lost mutation: You are completely covered in large bone
                  | plates. (SH +8) [Jiyva's grace]
 97937 | Dis:6    | Lost mutation: You are mostly covered in large bone plates.
                  | (SH +6) [Jiyva's grace]
 97937 | Dis:6    | Lost mutation: You are partially covered in large bone
                  | plates. (SH +4) [Jiyva's grace]
 97937 | Dis:6    | Gained mutation: You are robust. (+10% HP) [Jiyva's grace]
 97937 | Dis:6    | Gained mutation: You are very robust. (+20% HP) [Jiyva's
                  | grace]
 97937 | Dis:6    | Gained mutation: You are extremely robust. (+30% HP)
                  | [Jiyva's grace]
 97937 | Dis:6    | Gained mutation: Your muscles are strong. (Str +4, Int/Dex
                  | -1) [Jiyva's grace]
 97959 | Dis:7    | Entered Level 7 of the Iron City of Dis
 98481 | Dis:7    | Noticed Dispater
 98520 | Dis:7    | Killed Dispater
 98521 | Dis:7    | Reached skill level 5 in Transmutations
 98578 | Dis:7    | Got an iron rune of Zot
 98794 | Tar:1    | Entered Level 1 of Tartarus
 99569 | Tar:6    | Noticed a dread lich
 99569 | Tar:6    | Noticed a dread lich
 99569 | Tar:6    | Noticed a dread lich
 99577 | Tar:6    | Killed a dread lich
 99582 | Tar:6    | Noticed a dread lich
 99590 | Tar:6    | Killed a dread lich
 99590 | Tar:6    | Noticed a dread lich
 99590 | Tar:6    | Noticed a dread lich
 99590 | Tar:6    | Noticed an ancient lich
 99591 | Tar:6    | Killed a dread lich
 99591 | Tar:6    | Killed a dread lich
 99591 | Tar:6    | Killed a dread lich
 99591 | Tar:6    | Killed a dread lich
 99592 | Tar:6    | Killed an ancient lich
 99593 | Tar:6    | Noticed a dread lich
 99602 | Tar:6    | Paralysed by a dread lich for 3 turns
 99608 | Tar:6    | Killed a dread lich
 99656 | Tar:7    | Entered Level 7 of Tartarus
 99833 | Tar:7    | Identified the staff of cold "Tiyl" {rC+ rN+ Str+3}
 99893 | Tar:7    | Learned a level 4 spell: Dispel Undead
100063 | Tar:7    | Identified the +1 scale mail "Puceteg" {rPois rC++ Int-2
                  | Stlth+}
100206 | Tar:7    | Noticed the Serpent of Hell
100220 | Tar:7    | Killed the Serpent of Hell
100318 | Tar:7    | Noticed Ereshkigal
100329 | Tar:7    | Killed Ereshkigal
100419 | Tar:7    | Got a bone rune of Zot
100519 | Tar:7    | Identified the +9 broad axe of Wiguat {protect, rCorr
                  | Str+3}
100524 | Tar:7    | Identified the +2 ring mail of Resilience {rN+ Slay+3}
100642 | Hell     | Found a gateway to the ashen valley of Gehenna.
100658 | Hell     | Learned a level 9 spell: Death's Door
100659 | Geh:1    | Entered Level 1 of Gehenna
100666 | Geh:1    | Lost mutation: You have hoof-like feet. [Jiyva's grace]
100666 | Geh:1    | Lost mutation: You are extremely robust. (+30% HP) [Jiyva's
                  | grace]
100666 | Geh:1    | Lost mutation: You have acidic saliva. [Jiyva's grace]
100666 | Geh:1    | Lost mutation: Armour fits poorly on your pseudopods.
                  | [Jiyva's grace]
100666 | Geh:1    | Gained mutation: You have a somewhat thin skeletal
                  | structure. (Dex +2, Stealth+) [Jiyva's grace]
100666 | Geh:1    | Gained mutation: You have a moderately thin skeletal
                  | structure. (Dex +4, Stealth++) [Jiyva's grace]
100666 | Geh:1    | Gained mutation: You have an unnaturally thin skeletal
                  | structure. (Dex +6, Stealth+++) [Jiyva's grace]
100666 | Geh:1    | Gained mutation: You have acidic saliva. [Jiyva's grace]
100884 | Geh:2    | Noticed an ancient lich
100898 | Geh:2    | Killed an ancient lich
101085 | Geh:3    | Noticed a dread lich
101093 | Geh:3    | Killed a dread lich
101526 | Geh:7    | Entered Level 7 of Gehenna
102081 | Geh:7    | Identified the staff of death "Keyhesig" {rF- rN+ Will+
                  | Int+3}
102082 | Geh:7    | Identified the +0 robe of Poor Excuses {Regen+}
102087 | Geh:7    | Identified the amulet "Ykeiwkof" {Reflect Fly Int+3 SH+5}
102424 | Geh:7    | Found the +7 sceptre of Asmodeus
102424 | Geh:7    | Noticed Asmodeus
102438 | Geh:7    | Killed Asmodeus
102453 | Geh:7    | Lost mutation: You have an unnaturally thin skeletal
                  | structure. (Dex +6, Stealth+++) [Jiyva's grace]
102453 | Geh:7    | Lost mutation: You are very robust. (+20% HP) [Jiyva's
                  | grace]
102453 | Geh:7    | Lost mutation: You are robust. (+10% HP) [Jiyva's grace]
102453 | Geh:7    | Lost mutation: You have acidic saliva. [Jiyva's grace]
102453 | Geh:7    | Lost mutation: Your body has grown eyes which may confuse
                  | attackers. (Acc +3) [Jiyva's grace]
102453 | Geh:7    | Gained mutation: You are covered in slimy tendrils that may
                  | disarm your opponents. [Jiyva's grace]
102453 | Geh:7    | Gained mutation: Your flesh is cold resistant. (rC+)
                  | [Jiyva's grace]
102453 | Geh:7    | Gained mutation: Your flesh is very cold resistant. (rC++)
                  | [Jiyva's grace]
102453 | Geh:7    | Gained mutation: Your flesh is almost immune to the effects
                  | of cold. (rC+++) [Jiyva's grace]
102460 | Geh:7    | Got an obsidian rune of Zot
102932 | Vaults:5 | Bought a scroll of immolation for 68 gold pieces
102932 | Vaults:5 | Bought a scroll of enchant armour for 127 gold pieces
103030 | Vaults:3 | Bought a scroll of enchant armour for 157 gold pieces
103119 | Tomb:1   | Entered Level 1 of the Tomb of the Ancients
103303 | Tomb:1   | Reached skill level 27 in Spellcasting
103305 | Tomb:1   | Noticed Mennas
103315 | Tomb:1   | Killed Mennas
103486 | Tomb:1   | Noticed a royal mummy
103494 | Tomb:1   | Killed a royal mummy
103495 | Tomb:1   | Reached skill level 1 in Maces & Flails
103498 | Tomb:1   | Noticed a royal mummy
103517 | Tomb:1   | Killed a royal mummy
103611 | Tomb:1   | Learned a level 8 spell: Necromutation
103620 | Tomb:1   | Learned a level 7 spell: Haunt
103904 | Tomb:1   | Noticed a royal mummy
103904 | Tomb:1   | Noticed a royal mummy
103905 | Tomb:1   | Noticed a royal mummy
103909 | Tomb:1   | Killed a royal mummy
103911 | Tomb:1   | Noticed a royal mummy
103911 | Tomb:1   | Noticed a royal mummy
103912 | Tomb:1   | Killed a royal mummy
103917 | Tomb:1   | Killed a royal mummy
103919 | Tomb:1   | Killed a royal mummy
103926 | Tomb:1   | Noticed a royal mummy
103930 | Tomb:1   | Noticed a royal mummy
104037 | Tomb:1   | Killed a royal mummy
104052 | Tomb:1   | Killed a royal mummy
104073 | Tomb:1   | Noticed a royal mummy
104078 | Tomb:1   | Noticed a royal mummy
104079 | Tomb:1   | Noticed a royal mummy
104086 | Tomb:1   | Killed a royal mummy
104089 | Tomb:1   | Noticed a royal mummy
104090 | Tomb:1   | Killed a royal mummy
104093 | Tomb:1   | Killed a royal mummy
104100 | Tomb:1   | Killed a royal mummy
104115 | Tomb:1   | Killed a royal mummy
104124 | Tomb:1   | Noticed a royal mummy
104135 | Tomb:1   | Killed a royal mummy
104206 | Tomb:1   | Noticed a royal mummy
104215 | Tomb:1   | Killed a royal mummy
104216 | Tomb:1   | Noticed a royal mummy
104225 | Tomb:1   | Killed a royal mummy
104261 | Tomb:1   | Noticed a royal mummy
104274 | Tomb:1   | Killed a royal mummy
104374 | Tomb:3   | Entered Level 3 of the Tomb of the Ancients
104465 | Tomb:3   | Noticed a royal mummy
104470 | Tomb:3   | Killed a royal mummy
104538 | Tomb:3   | Noticed a royal mummy
104547 | Tomb:3   | Noticed a royal mummy
104552 | Tomb:3   | Noticed a royal mummy
104554 | Tomb:3   | Killed a royal mummy
104554 | Tomb:3   | Noticed a royal mummy
104559 | Tomb:3   | Killed a royal mummy
104559 | Tomb:3   | Killed a royal mummy
104560 | Tomb:3   | Killed a royal mummy
104631 | Tomb:3   | Noticed a royal mummy
104634 | Tomb:3   | Killed a royal mummy
104634 | Tomb:3   | Noticed a royal mummy
104637 | Tomb:3   | Killed a royal mummy
104638 | Tomb:3   | Noticed a royal mummy
104642 | Tomb:3   | Killed a royal mummy
104673 | Tomb:3   | Got a golden rune of Zot
104719 | Tomb:3   | Identified the ring "Oleiruile" {rElec rC- rN+ Int+6}
104723 | Tomb:3   | Identified the ring "Huofun Cuve" {rC+ Str+6}
104731 | Tomb:3   | Identified the staff of cold "Rudgheg" {Fly rC+ Str+4}
104732 | Tomb:3   | Identified the staff of death "Atom Qyu" {rN+ Will++ Str+5}
104733 | Tomb:3   | Identified the staff of poison "Xeupn" {rPois Dex+3}
104741 | Tomb:3   | Identified the +10 storm dragon scales of Ynaxoo {rElec rF-
                  | Str+3 SInv}
105367 | Zot:5    | Entered Level 5 of the Realm of Zot
105693 | Zot:5    | Noticed a dread lich
105707 | Zot:5    | Noticed a dread lich
105710 | Zot:5    | Killed a dread lich
105711 | Zot:5    | Noticed an orb of fire
105715 | Zot:5    | Killed a dread lich
105731 | Zot:5    | Killed an orb of fire
105879 | Zot:5    | Identified the +8 flail "Duiloe" {flame, rPois Int+2}
105994 | Zot:5    | Noticed an orb of fire
106025 | Zot:5    | Noticed a dread lich
106029 | Zot:5    | Noticed an orb of fire
106032 | Zot:5    | Killed an orb of fire
106032 | Zot:5    | Noticed an orb of fire
106036 | Zot:5    | Killed a dread lich
106042 | Zot:5    | Killed an orb of fire
106042 | Zot:5    | Killed an orb of fire
106042 | Zot:5    | Noticed an ancient lich
106073 | Zot:5    | a Killer Klown changed into a juggernaut
106073 | Zot:5    | Noticed a juggernaut
106082 | Zot:5    | Killed a juggernaut
106083 | Zot:5    | Killed an ancient lich
106209 | Zot:5    | Got the Orb of Zot
106353 | Depths:3 | Noticed Gouxt the pandemonium lord
106671 | D:3      | Noticed Bisef the pandemonium lord
106732 | D:$      | Escaped with the Orb!

Illustrated notes

Levels and vault maps discovered:
D:1:      ldierk_walled_garden, layout_rooms,
          hellmonk_ecumenical_altar_slurped_away, hangedman_feature_mirror,
          wander_ebering_terrifying_dragon_lair
D:2:      layout_loops_ring, chequers_serial_rivers_marsh
D:3:      layout_loops_ring, minivault_23, kennysheep_crisscross
D:4:      layout_cave_pools, nicolae_dithmenos_shadow_blocks,
          nicolae_ossuary_entry_false_entrances, serial_bayou_lagoon_a,
          uniq_menkaure, uniq_sigmund
D:5:      layout_cave_pools, old_standard_altar,
          minmay_temple_entry_antechambers, uniq_eustachio
D:6:      layout_cave_pools, serial_shops, shop
D:7:      layout_cave_pools
D:8:      layout_loops_corners, trog_hazing_becter, kennysheep_mini,
          lair_entry_dummy
D:9:      layout_roguey, gammafunk_temple_overflow_elements,
          mainiacjoe_overflow_alcove_4, serial_glass, glass_columns_b,
          glass_columns_a, nicolae_shop_sticking_my_neck_out, uniq_maurice
D:10:     layout_rooms, tso_altar, minmay_fire_ice_demons, uniq_josephine
D:11:     layout_rooms
D:12:     layout_long_grid, zombieorc1_lemuel
D:13:     layout_rooms, nicolae_shop_firing_range
D:14:     layout_stronghold, ximxim_vaults_locker_room
D:15:     grunt_enter_depths_giant_problem, layout_gridville,
          hellmonk_bongcloud_opening, nicolae_wooded_promenade, uniq_agnes
Temple:   nicolae_temple_ecumenical_triangle
Lair:1:   layout_misc_corridors, beast_lair_carwin_6, infiniplex_staircase_pool,
          lemuel_fruit_fields, serial_bayou_shore_a
Lair:2:   layout_roguey, elwin_shoals_entry_rocks, dummy_spider_entry
Lair:3:   layout_regular_city, forest_entry_grove, serial_bayou_shore_b,
          grunt_megastairs_3
Lair:4:   layout_regular_city
Lair:5:   gammafunk_lair_ancient_temple, layout_regular_city, slime_entry_2,
          basic_altar
Shoals:1: layout_shoals, serial_shops, nicolae_shop_stone, argonaut_gorgonesque,
          uniq_louise
Shoals:2: layout_shoals, nicolae_splish_splash, uniq_ilsuiw, uniq_nikola
Shoals:3: layout_shoals, serial_shops, nicolae_shop_statue_plus
Shoals:4: shoals_end_hellmonk_lost_city, uniq_polyphemus
Spider:1: layout_spider_delve, uniq_mlioglotl, uniq_jorgrun
Spider:2: cheibrodos_spider_deadly_dance, drop_trap
Spider:3: layout_spider_delve
Spider:4: grunt_spider_rune_parallel
Slime:1:  layout_caves, nicolae_slime_getting_an_eyeful
Slime:2:  cheibrodos_slime_lost_civilization_3, layout_caves, uniq_dissolution
Slime:3:  layout_caves
Slime:4:  nicolae_slime_infinislime, layout_caves,
          cheibrodos_slime_lost_civilization_7
Slime:5
Orc:1:    hellmonk_paralyzer, layout_diamond_mine, basic_altar, uniq_urug
Orc:2:    hellmonk_orc_salted, layout_caves, biasface_ghost_orc_armoury,
          basic_altar, uniq_nessos, uniq_rupert, uniq_snorg, uniq_azrael
Elf:1:    minmay_elf_arrival_circle, layout_geoelf_diagonals,
          minmay_elf_annihilation, nicolae_alphabet_shops,
          nicolae_elf_altarnating, grunt_megastairs_1
Elf:2:    nicolae_elf_blades_crystal_corner, layout_geoelf_octagon, basic_altar
Elf:3:    grunt_elf_hall_asides, layout_gridlike, serial_shops, shop,
          minmay_the_grid_2x2 [minmay_the_grid_expand, minmay_the_grid_box_x,
          minmay_the_grid_minigrid_small_alt,
          minmay_the_grid_prize_shrinking_boxes], uniq_asterion
Vaults:1: v_pattern_3, st_lattice, vaults_room_large_hall, v_misc_28,
          vaults_room_grunt_arrival_ludios, v_misc_32,
          vaults_standard_mumra_enter_the_diamond, nicolae_vaults_triangles,
          vaults_room_semicircle, nicolae_vaults_theta,
          grunt_vaults_hallway_short, vaults_dpeg_ring,
          ontoclasm_vaults_ligature, vaults_dpeg_emergency_exit,
          layout_vaults_maze_snakey
Vaults:2: nicolae_vaults_arrows, v_pattern_5, nicolae_vaults_little_squares_2,
          ontoclasm_vaults_claustrophobia, vaults_room_fours, v_misc_29,
          v_misc_10, ontoclasm_vaults_shuriken,
          vaults_standard_mumra_enter_the_diamond, layout_vaults_omnigrid,
          uniq_aizul
Vaults:3: nicolae_vaults_branching_niches, v_alt_pattern_1,
          minmay_crypt_entry_necro_gods, hangedman_vaults_cutoff, v_rooms_6,
          nicolae_vaults_little_squares_4, dpeg_vaults_monster_row, v_misc_13,
          v_misc_9, nicolae_vaults_mini_display_case, nicolae_vaults_theta,
          nicolae_vaults_gold_heap, layout_vaults_omnicross, serial_shops, shop
Vaults:4: v_misc_25, ontoclasm_vaults_spin, ontoclasm_vaults_idyll, v_misc_5,
          v_misc_26, nicolae_vaults_network_quincunx
          [nicolae_vaults_network_quincunx_subvault,
          nicolae_vaults_network_quincunx_subvault,
          nicolae_vaults_network_quincunx_subvault,
          nicolae_vaults_network_quincunx_subvault,
          nicolae_vaults_network_quincunx_subvault],
          nicolae_vaults_network_square, hangedman_vaults_stagger, v_misc_16,
          vaults_dpeg_hooks, nicolae_vaults_little_squares_5,
          ontoclasm_vaults_pinch, nicolae_vaults_little_squares_6,
          layout_vaults_omnibox
Vaults:5
Crypt:1:  layout_gridlike, grunt_megastairs_4
Crypt:2:  layout_gridlike, lemuel_elevator
Crypt:3:  church_of_pain_bobbens, layout_chaotic_city,
          nicolae_tomb_entry_rubble_hallway, uniq_jory, uniq_josephina
Tomb:1:   uniq_mennas
Tomb:2:   uniq_boris
Tomb:3
Depths:1: layout_big_octagon, mu_enter_wizlab_2, nzn_hepliaklqana_mist_gate,
          grunt_hell_horde, serial_glass, glass_columns_b, glass_columns_b,
          glass_columns_a, glass_columns_c, feat_on_display,
          minmay_strange_pillars, item_on_display_a, lemuel_flamethrower_2
Depths:2: kennysheep_treasure_stockpile, layout_gridlike, hex_medium,
          rand_demon_pan_entry_8, hell_entry, kennysheep_generic_room_8,
          infiniplex_staircase_pool_2
Depths:3: nicolae_hitomezashi [nicolae_hito_row, nicolae_hito_row,
          nicolae_hito_row, nicolae_hito_row, nicolae_hito_row,
          nicolae_hito_row, nicolae_hito_row, nicolae_hito_row,
          nicolae_hito_row, nicolae_hito_row, nicolae_hito_row,
          nicolae_hito_row, nicolae_hito_row, nicolae_hito_row,
          nicolae_hito_row, nicolae_hito_row, nicolae_hito_row,
          nicolae_hito_row], layout_twisted_cross, hangedman_abyss_entry_splay,
          serial_shops, shop, corexii_corridor_pit, hell_entry,
          infiniplex_staircase_zigzag_5, serial_bayou_shore_b
Depths:4: grunt_zot_entry_gee_three, layout_gridville, enter_ziggurat_d,
          hell_entry
Hell
Dis:1:    layout_gridville, lemuel_dis_dragons
Dis:2:    layout_overlapping_boxes, lemuel_mystery_crypt
Dis:3:    layout_gridville
Dis:4:    layout_regular_city
Dis:5:    layout_gridville
Dis:6:    layout_gridville, nicolae_hells_hurtin_island
Dis:7:    iron_city_of_dis [dis_old, dis_wall_4], layout_gridville
Geh:1:    nicolae_geh_split_lavaduct, layout_gehenna_pools_triple
Geh:2:    layout_gehenna_pools_triple
Geh:3:    layout_gehenna_pools_basic, nicolae_geh_lava_shack
Geh:4:    layout_gehenna_pools_basic
Geh:5:    layout_gehenna_pools_basic
Geh:6:    nicolae_hells_demon_pit, layout_gehenna_lava_caves
Geh:7:    evilmike_geh
Coc:1:    layout_ice_bergs
Coc:2:    nicolae_coc_three_more_mouths, layout_ice_bergs
Coc:3:    layout_ice_bergs
Coc:4:    layout_ice_bergs, special_room [special_room_morgue]
Coc:5:    layout_ice_bergs
Coc:6:    layout_cocytus_water_paths
Coc:7:    coc_grunt
Tar:1:    nicolae_tar_tart_auras, layout_cathedral_of_symmetry,
          nicolae_tar_windowcombs
Tar:2:    nicolae_tar_intersect_combbox, layout_cathedral_of_symmetry
Tar:3:    hangedman_tartarus_temple_path, layout_cathedral_of_symmetry,
          nicolae_tar_cuneiform_bread, nicolae_tar_cuneiform_to_be
Tar:4:    minmay_shadows, layout_grid_maze
Tar:5:    layout_catacombs
Tar:6:    layout_grid_maze, nicolae_hells_leichenhalle
Tar:7:    tar_old
Zot:1:    gammafunk_mikee_crab_dinner, layout_onion_interference, uniq_parghit
Zot:2:    layout_gridlike
Zot:3:    layout_misc_corridors, hangedman_zot_gyre
Zot:4:    layout_gridville, gammafunk_ghost_necromancy
Zot:5:    layout_twisted_circle

Skill      XL: |  1  2  3  4  5  6  7  8  9 10 11 12 13 14 15 16 17 18 19 20 21 22 23 24 25 26 27 |
---------------+----------------------------------------------------------------------------------+-----
Conjurations   | 5 6 7 8 9 10 11 13 | 13.3
Stealth        | 3 |  3.3
Fighting       | 1 3 4 7 9 10 12 13 14 15 16 17 18 19 21 22 23 27 | 27.0
Dodging        | 2 3 5 6 7 13 | 13.3
Spellcasting   | 3 4 6 7 8 10 11 12 13 14 15 16 18 19 20 21 27 | 27.0
Hexes          | 1 3 |  3.3
Translocations | 1 3 |  3.3
Armour         | 1 2 3 6 7 |  7.7
Earth Magic    | 8 11 14 17 18 19 20 21 23 24 26 | 26.6
Shields        | 5 9 12 13 15 16 17 18 25 | 25.5
Throwing       | 1 |  1.1
Necromancy     | 2 4 6 8 9 23 | 23.3
Transmutations | 2 3 9 |  9.9
Invocations    | 7 11 14 27 | 27.0
Staves         | 6 8 9 |  9.9
Maces & Flails | 4 |  4.3

Action                     |  1- 3 |  4- 6 |  7- 9 | 10-12 | 13-15 | 16-18 | 19-21 | 22-24 | 25-27 || total
---------------------------+-------+-------+-------+-------+-------+-------+-------+-------+-------++-------
  Melee: Unarmed           |     5 |       |       |       |       |       |       |       |       ||     5
         Dagger            |       |     1 |       |       |       |       |       |       |       ||     1
         Whip              |       |       |    16 |       |       |       |       |       |       ||    16
         Rapier            |       |       |    22 |    62 |    78 |    51 |    14 |       |       ||   227
         Punch             |       |       |       |       |     1 |       |       |       |       ||     1
         Staff             |       |       |       |       |       |     4 |    21 |   100 |  1146 ||  1271
         Headbutt          |       |       |       |       |       |       |       |       |   257 ||   257
         Pseudopods        |       |       |       |       |       |       |       |       |   376 ||   376
         Kick              |       |       |       |       |       |       |       |       |   321 ||   321
         Bite              |       |       |       |       |       |       |       |       |   246 ||   246
         Sacred scourge    |       |       |       |       |       |       |       |       |    13 ||    13
  Throw: Dart              |       |     7 |    22 |    12 |     3 |     3 |     2 |       |     3 ||    52
         Boomerang         |       |       |     4 |       |       |       |       |       |       ||     4
         Throwing net      |       |       |       |       |       |     3 |     2 |     1 |       ||     6
   Cast: Magic Dart        |    57 |    69 |   127 |    83 |    11 |     5 |       |       |     1 ||   353
         Searing Ray       |     2 |    12 |    38 |    68 |     5 |       |       |       |       ||   125
         Fulminant Prism   |       |       |     9 |    42 |    16 |     2 |     1 |       |       ||    70
         Iskenderun's Myst |       |       |       |    31 |    31 |     8 |     2 |    33 |    18 ||   123
         Lee's Rapid Decon |       |       |       |    40 |   205 |   280 |   485 |   358 |  1058 ||  2426
         Iron Shot         |       |       |       |    13 |   150 |    75 |    78 |   216 |   561 ||  1093
         Stone Arrow       |       |       |       |       |    42 |   197 |    65 |   122 |   149 ||   575
         Borgnjor's Vile C |       |       |       |       |     1 |    54 |    29 |    42 |   509 ||   635
         Apportation       |       |       |       |       |       |     3 |     3 |     2 |    93 ||   101
         Irradiate         |       |       |       |       |       |       |     1 |     6 |    58 ||    65
         Shatter           |       |       |       |       |       |       |       |     9 |    97 ||   106
         Lehudib's Crystal |       |       |       |       |       |       |       |       |    30 ||    30
         Passwall          |       |       |       |       |       |       |       |       |    29 ||    29
         Blink             |       |       |       |       |       |       |       |       |     6 ||     6
         Infestation       |       |       |       |       |       |       |       |       |    51 ||    51
         Dispel Undead     |       |       |       |       |       |       |       |       |    16 ||    16
         Necromutation     |       |       |       |       |       |       |       |       |    15 ||    15
         Death Channel     |       |       |       |       |       |       |       |       |    13 ||    13
         Haunt             |       |       |       |       |       |       |       |       |     4 ||     4
Ability: End Transformatio |       |       |       |       |       |       |       |       |     3 ||     3
  Evoke: Wand              |       |     3 |     1 |     5 |    15 |    29 |     6 |       |    18 ||    77
         Lightning rod     |       |       |       |       |       |       |     2 |     5 |     8 ||    15
         Phantom mirror    |       |       |       |       |       |       |     1 |     1 |     8 ||    10
         Condenser vane    |       |       |       |       |       |       |     1 |       |     1 ||     2
         Phial of floods   |       |       |       |       |       |       |       |       |     1 ||     1
    Use: Scroll            |     2 |     7 |     4 |     7 |     7 |    16 |     6 |    14 |    59 ||   122
         Potion            |       |       |       |     2 |     9 |     6 |     2 |     6 |    32 ||    57
   Stab: Paralysed         |       |       |       |       |     3 |     4 |     7 |       |       ||    14
         Distracted        |       |       |       |       |     1 |       |       |       |     2 ||     3
         Sleeping          |       |       |       |       |       |       |     1 |       |       ||     1
         Confused          |       |       |       |       |       |       |       |       |     5 ||     5
 Armour: Robe              |     2 |     6 |    20 |       |       |       |       |       |   743 ||   771
         Leather armour    |       |       |    30 |   117 |    86 |   139 |       |       |       ||   372
         Ring mail         |       |       |       |       |       |       |    85 |   201 |    98 ||   384
         Fire dragon scale |       |       |       |       |       |       |       |       |    52 ||    52
         Pearl dragon scal |       |       |       |       |       |       |       |       |    62 ||    62
  Dodge: Dodged            |     5 |     7 |    66 |   143 |   151 |   194 |    83 |   251 |  1387 ||  2287
  Block: Kite shield       |       |       |       |       |    22 |   175 |   131 |   290 |  2024 ||  2642
         Reflection        |       |       |       |       |       |    31 |    18 |     7 |    55 ||   111

Table legend: (Time is in decaauts)
 A = Elapsed time spent in this place.
 B = Non-inter-level travel time spent in this place.
 C = Inter-level travel time spent in this place.
 D = Time resting spent in this place.
 E = Time spent auto-exploring this place.
 F = Levels seen in this place.
 G = Mean time per level.
                   A        B        C        D        E       F      G
               +--------+--------+--------+--------+--------+-----+--------+
         Total | 106777 |  97575 |   9202 |  37720 |  28505 | 122 |  875.2 |
       Dungeon |  21994 |  18792 |   3202 |   6483 |   8105 |  15 | 1466.3 |
        Temple |     36 |     36 |      0 |      0 |      0 |   1 |   36.0 |
          Lair |  10641 |   9629 |   1012 |   4810 |   3535 |   5 | 2128.2 |
        Shoals |   8645 |   8438 |    207 |   4283 |   2190 |   4 | 2161.2 |
   Spider Nest |   7533 |   7409 |    124 |   4083 |   1675 |   4 | 1883.2 |
    Slime Pits |   1647 |   1542 |    105 |   1061 |      0 |   5 |  329.4 |
  Orcish Mines |   3670 |   3231 |    439 |   1860 |    578 |   2 | 1835.0 |
   Elven Halls |   6548 |   6157 |    391 |   2937 |   1653 |   3 | 2182.7 |
        Vaults |  13707 |  11944 |   1763 |   5606 |   3934 |   5 | 2741.4 |
         Crypt |   5992 |   5678 |    314 |   2400 |   1767 |   3 | 1997.3 |
          Tomb |   1823 |   1717 |    106 |    171 |     56 |   3 |  607.7 |
        Depths |   5453 |   4412 |   1041 |    971 |   2119 |   4 | 1363.2 |
          Hell |    423 |    305 |    118 |      0 |      0 |   1 |  423.0 |
           Dis |   1627 |   1495 |    132 |    318 |     39 |   7 |  232.4 |
       Gehenna |   1836 |   1827 |      9 |    241 |     66 |   7 |  262.3 |
       Cocytus |   2065 |   2065 |      0 |    520 |    139 |   7 |  295.0 |
      Tartarus |   1753 |   1723 |     30 |    482 |     99 |   7 |  250.4 |
           Zot |   4054 |   3848 |    206 |    483 |   1377 |   5 |  810.8 |
         Abyss |   1015 |   1015 |      0 |     14 |     49 |   4 |  253.8 |
   Pandemonium |   4007 |   4007 |      0 |    137 |   1054 |  12 |  333.9 |
      Ziggurat |    922 |    922 |      0 |    140 |     39 |  16 |   57.6 |
       Ossuary |    808 |    808 |      0 |    535 |      0 |   1 |  808.0 |
        Wizlab |    567 |    567 |      0 |    181 |     31 |   1 |  567.0 |
               +--------+--------+--------+--------+--------+-----+--------+

Top non-repeatable levels by time:
Vaults:1: 3705 daAuts
Vaults:2: 3247 daAuts
Vaults:3: 3065 daAuts
   Elf:3: 3056 daAuts
  Lair:2: 2833 daAuts
    D:12: 2816 daAuts
Vaults:4: 2675 daAuts
 Crypt:3: 2561 daAuts
Spider:4: 2469 daAuts
Shoals:3: 2467 daAuts
Shoals:1: 2451 daAuts
  Lair:5: 2313 daAuts
    D:14: 2289 daAuts
     D:8: 2231 daAuts
Shoals:4: 2192 daAuts
